 Dungeon Crawl Stone Soup version 0.29.1-14-g9c671dbff4 (webtiles) character file.

Game seed: 13159906618989183172

22119951 TittyCrusher the Grand Master (level 27, 224/224 HPs)
             Began as an Octopode Transmuter on Feb 15, 2023.
             Was the Champion of Cheibriados.
             Escaped with the Orb
             ... and 15 runes!
             The game lasted 06:25:17 (68554 turns).

TittyCrusher the Grand Master (OpTm)               Turns: 68554, Time: 06:25:18

Health: 224/224    AC:  9    Str: 37      XL:     27
Magic:  38/45      EV: 42    Int: 49      God:    Cheibriados [******]
Gold:   6002       SH: 28    Dex: 42 (44) Spells: 21/63 levels left

rFire   + + .      SeeInvis .     - Unarmed
rCold   + + .      Faith    .   i - +0 tower shield "Meqischu" {Will- Regen+ Int+2}
rNeg    + + +      Spirit   .   e - +2 hat
rPois   ∞          Reflect  .   r - amulet "Exar" {rPois Regen+ Int+4}
rElec   +          Harm     .   v - ring of Jiluraroe {rN+ Int+3}
rCorr   .          Rampage  .   G - ring of Hoxoibox {Will+ Int+6}
Will    +++++      Archmagi +   q - ring of the Mage {Wiz Archmagi}
Stlth   ++++......              a - ring of Doubts {rPois rF+ MP+9 Dex+2}
HPRegen 2.07/turn               V - ring of Anuydawa {rPois rC+ Will+ Str+6 Int+4}
MPRegen 0.29/turn               I - ring "Jouleg" {Fire rPois Will+++ Dex+4 Stlth-}
                                u - ring of the Hare {EV+8}
                                E - ring "Vapib" {rElec rN+ Dex+3}

@: lich-form, studying 9 skills, very slow
A: draining attack, torment immunity, no potions, almost no armour, amphibious,
8 rings, camouflage 1, gelatinous body 1, (nimble swimmer 1), tentacles, cold
resistance 1, deterioration 1, low MP 2, screaming 1, wild magic 2
0: Orb of Zot
}: 15/15 runes: barnacled, slimy, silver, golden, iron, obsidian, icy, bone,
abyssal, demonic, glowing, magical, fiery, dark, gossamer
a: End Transformation, Renounce Religion, Bend Time, Temporal Distortion,
Slouch, Step From Time


You escaped.
You worshipped Cheibriados.
Cheibriados was exalted by your worship.
You were an undead lich.
You visited 18 branches of the dungeon, and saw 88 of its levels.
You visited Pandemonium 2 times, and saw 15 of its levels.
You visited the Abyss 3 times.
You visited 1 bazaar.
You visited 2 ziggurats, and saw 28 of their levels (deepest: 24).
You also visited: Trove, Ossuary and Ice Cave.

You collected 13380 gold pieces.
You spent 7378 gold pieces at shops.

Inventory:

Hand Weapons
 C - the +4 staff of Dispater
   (You took it off Dispater on level 7 of the Iron City of Dis)

   It can be evoked to hurl damnation at the cost of health and magic, with
   strength depending on Evocations skill.
 O - the +6 Majin-Bo {vamp, MP+6 Int+6}
   (You took it off Tiamat on level 2 of the Realm of Zot)

   It heals its wielder for a portion of the damage dealt when they wound a
   living foe with it or with a spell.
   Its wielder's spells cost health as well as magical power.
   Int:       It affects your intelligence (+6).
   MP:        It affects your magic capacity (+6).
Armour
 e - a +2 hat (worn)
 i - the +0 tower shield "Meqischu" (worn) {Will- Regen+ Int+2}
   (You acquired it on level 1 of the Depths)

   Int:       It affects your intelligence (+2).
   Regen:     It increases your rate of health regeneration.
   Will:      It decreases your willpower.
 s - the +0 kite shield "Zaumac" {rElec rF+ Dex+4}
   (You found it in a treasure trove)

   Dex:       It affects your dexterity (+4).
   rF:        It protects you from fire.
   rElec:     It insulates you from electricity.
 H - a +8 tower shield of protection
 Y - the +0 buckler of Leaves {rN++ Will+}
   (You found it on level 5 of the Vaults)

   rN:        It greatly protects you from negative energy.
   Will:      It increases your willpower.
Magical Staves
 b - a staff of earth
Jewellery
 a - the ring of Doubts (on tentacle) {rPois rF+ MP+9 Dex+2}
   (You bought it in a shop on level 2 of the Orcish Mines)

   [ring of poison resistance]

   Dex:       It affects your dexterity (+2).
   rF:        It protects you from fire.
   rPois:     It protects you from poison.
   MP:        It affects your magic capacity (+9).
 q - the ring of the Mage (on tentacle) {Wiz Archmagi}
   (You found it on level 4 of a ziggurat)

   [ring of wizardry]

   It improves your spell success rate.
   Archmagi:  It increases the power of your magical spells.
 r - the amulet "Exar" (around mantle) {rPois Regen+ Int+4}
   (You bought it in a shop on level 2 of the Vaults)

   [amulet of regeneration]

   Int:       It affects your intelligence (+4).
   rPois:     It protects you from poison.
   Regen:     It increases your rate of health regeneration.
 u - the ring of the Hare (on tentacle) {EV+8}
   (You took it off a deep elf death mage on level 3 of the Elven Halls)

   [ring of evasion]

   EV:        It affects your evasion (+8).
 v - the ring of Jiluraroe (left tentacle) {rN+ Int+3}
   (You found it in Pandemonium)

   [ring of positive energy]

   Int:       It affects your intelligence (+3).
   rN:        It protects you from negative energy.
 y - the ring "Urghytano" {rPois Int+5 SInv}
   (You took it off Dispater on level 7 of the Iron City of Dis)

   [ring of see invisible]

   Int:       It affects your intelligence (+5).
   rPois:     It protects you from poison.
   SInv:      It lets you see invisible.
 E - the ring "Vapib" (on tentacle) {rElec rN+ Dex+3}
   (You took it off an ironbound preserver on level 1 of the Vaults)

   [ring of positive energy]

   Dex:       It affects your dexterity (+3).
   rElec:     It insulates you from electricity.
   rN:        It protects you from negative energy.
 F - the ring of Ittaurgho {rF+ rC++ Will- Dex+2}
   (You bought it in a shop on level 2 of the Orcish Mines)

   [ring of protection from fire]

   Dex:       It affects your dexterity (+2).
   rF:        It protects you from fire.
   rC:        It greatly protects you from cold.
   Will:      It decreases your willpower.
 G - the ring of Hoxoibox (right tentacle) {Will+ Int+6}
   (You bought it in a shop on level 1 of the Elven Halls)

   [ring of intelligence]

   Int:       It affects your intelligence (+6).
   Will:      It increases your willpower.
 I - the ring "Jouleg" (on tentacle) {Fire rPois Will+++ Dex+4 Stlth-}
   (You took it off a deep elf master archer on level 3 of the Elven Halls)

   [ring of fire]

   It enhances your fire magic.
   Dex:       It affects your dexterity (+4).
   rF:        It protects you from fire.
   rC:        It makes you vulnerable to cold.
   rPois:     It protects you from poison.
   Will:      It greatly increases your willpower.
   Stlth:     It makes you less stealthy.
 K - the ring "Wikkee Piopp" {rC+ rCorr Int-3 SInv}
   (You took it off a balrug on level 7 of Gehenna)

   [ring of resist corrosion]

   Int:       It affects your intelligence (-3).
   rC:        It protects you from cold.
   SInv:      It lets you see invisible.
   rCorr:     It protects you from acid and corrosion.
 S - the ring of Mistrust {Str+4 Dex+6}
   (You found it on level 3 of the Tomb of the Ancients)

   [ring of dexterity]

   Str:       It affects your strength (+4).
   Dex:       It affects your dexterity (+6).
 U - the ring "Hynil" {Contam Fly Will+ SInv}
   (You bought it in a shop on level 10 of the Dungeon)

   [ring of willpower]

   SInv:      It lets you see invisible.
   Fly:       It grants you flight.
   Contam:    It causes magical contamination when unequipped.
   Will:      It increases your willpower.
 V - the ring of Anuydawa (on tentacle) {rPois rC+ Will+ Str+6 Int+4}
   (You bought it in a shop on level 2 of the Orcish Mines)

   [ring of strength]

   Str:       It affects your strength (+6).
   Int:       It affects your intelligence (+4).
   rC:        It protects you from cold.
   rPois:     It protects you from poison.
   Will:      It increases your willpower.
Wands
 m - a wand of digging (11)
Scrolls
 h - 19 scrolls of immolation
 j - 12 scrolls of teleportation
 k - 11 scrolls of fear
 l - a scroll of blinking
 n - 16 scrolls of butterflies
 o - 8 scrolls of amnesia
 w - 7 scrolls of poison
 D - 8 scrolls of vulnerability
 L - 3 scrolls of magic mapping
 N - 8 scrolls of silence
 P - 3 scrolls of torment
 T - a scroll of summoning
Potions
 d - 14 potions of attraction
 g - 22 potions of brilliance
 p - 10 potions of lignification
 t - 35 potions of curing
 x - 5 potions of resistance
 z - 6 potions of magic
 A - 2 potions of berserk rage
 B - 13 potions of mutation
 M - 3 potions of ambrosia
 Q - 5 potions of heal wounds
 R - 5 potions of haste
 W - 13 potions of cancellation
 X - 5 potions of invisibility
 Z - 18 potions of might
Miscellaneous
 c - a condenser vane
 f - a phial of floods
 J - a tin of tremorstones (2/2)


   Skills:
 O Level 27 Fighting
 + Level 13.9 Dodging
 O Level 27 Stealth
 - Level 18.8 Shields
 O Level 27 Unarmed Combat
 - Level 18.7 Spellcasting
 - Level 19.0 Necromancy
 - Level 19.7 Transmutations
 - Level 4.2 Ice Magic
 O Level 27 Earth Magic
 - Level 5.2 Poison Magic
 O Level 27 Invocations
 - Level 21.0 Evocations


You had 21 spell levels left.
You knew the following spells:

 Your Spells              Type           Power      Damage    Failure   Level
a - Ice Form              Ice/Tmut       100%       N/A       1%          4
b - Statue Form           Tmut/Erth      100%       N/A       1%          6
c - Mephitic Cloud        Conj/Pois/Air  100%       N/A       1%          3
d - Wereblood             Tmut           100%       N/A       1%          2
e - Freezing Cloud        Conj/Ice/Air   48%        6-21      12%         5
f - Passage of Golubria   Tloc           83%        N/A       8%          4
g - Shatter               Erth           99%        3d71*     1%          9
h - Apportation           Tloc           100%       N/A       1%          1
i - Necromutation         Tmut/Necr      100%       N/A       2%          8

Your spell library contained the following spells:

 Spells                   Type           Power      Damage    Failure   Level
 Beastly Appendage        Tmut           100%       N/A       1%          1
 Foxfire                  Conj/Fire      100%       2x1d9     1%          1
 Freeze                   Ice            100%       1d11      1%          1
 Magic Dart               Conj           100%       1d8       1%          1
 Necrotise                Necr           100%       1d9       1%          1
 Sandblast                Erth           100%       2d20      1%          1
 Shock                    Conj/Air       100%       1d9       1%          1
 Slow                     Hex            100%       N/A       1%          1
 Sting                    Tmut/Pois      100%       1d8       1%          1
 Blink                    Tloc           100%       N/A       1%          2
 Call Imp                 Summ           83%        N/A       1%          2
 Ensorcelled Hibernation  Hex/Ice        100%       N/A       1%          2
 Passwall                 Tmut/Erth      100%       N/A       1%          2
 Poisonous Vapours        Pois/Air       100%       N/A       1%          2
 Scorch                   Fire           100%       2d10      1%          2
 Sublimation of Blood     Necr           100%       N/A       1%          2
 Frozen Ramparts          Ice            100%       1d16      1%          3
 Ignite Poison            Fire/Tmut/Pois 100%       N/A       1%          3
 Spider Form              Tmut/Pois      100%       N/A       1%          3
 Stone Arrow              Conj/Erth      100%       3d13      1%          3
 Vampiric Draining        Necr           100%       2d13      1%          3
 Anguish                  Hex/Necr       86%        N/A       1%          4
 Animate Dead             Necr           100%       N/A       1%          4
 Corpse Rot               Necr/Pois/Air  100%       N/A       1%          4
 Dispel Undead            Necr           100%       3d31      1%          4
 Leda's Liquefaction      Hex/Erth       81%        N/A       1%          4
 Olgreb's Toxic Radiance  Pois           100%       N/A       1%          4
 Petrify                  Tmut/Erth      100%       N/A       1%          4
 Agony                    Necr           100%       N/A       1%          5
 Alistair's Intoxication  Tmut/Pois      100%       N/A       1%          5
 Blade Hands              Tmut           91%        N/A       1%          5
 Borgnjor's Vile Clutch   Necr/Erth      100%       N/A       1%          5
 Irradiate                Conj/Tmut      74%        3d36      1%          5
 Lee's Rapid Deconstruct  Erth           99%        3d44*     1%          5
 Yara's Violent Unravell  Hex/Tmut       74%        3d27      1%          5
 Death Channel            Necr           100%       N/A       1%          6
 Eringya's Noxious Bog    Tmut/Pois      79%        N/A       1%          6
 Iron Shot                Conj/Erth      81%        9d15      1%          6
 Dragon Form              Tmut           91%        N/A       1%          7
 Call Canine Familiar     Summ           83%        N/A       3%          3
 Confusing Touch          Hex            83%        N/A       3%          3
 Conjure Flame            Conj/Fire      100%       6-21      3%          3
 Dazzling Flash           Conj/Hex       100%       N/A       3%          3
 Inner Flame              Hex/Fire       100%       N/A       3%          3
 Lesser Beckoning         Tloc           83%        N/A       3%          3
 Portal Projectile        Hex/Tloc       100%       N/A       3%          3
 Summon Guardian Golem    Hex/Summ       83%        N/A       3%          3
 Swiftness                Air            83%        N/A       3%          3
 Tukima's Dance           Hex            83%        N/A       3%          3
 Borgnjor's Revivificati  Necr           100%       N/A       3%          8
 Infestation              Necr           100%       N/A       3%          8
 Hailstorm                Conj/Ice       100%       3d20      4%          4
 Summon Ice Beast         Ice/Summ       100%       N/A       4%          4
 Airstrike                Air            41%        2d(6-22)  8%          4
 Cause Fear               Hex            41%        N/A       8%          4
 Flame Wave               Conj/Fire      100%       2d21      8%          4
 Fulminant Prism          Conj/Hex       41%        3d20      8%          4
 Iskenderun's Mystic Bla  Conj/Tloc      83%        2d16      8%          4
 Sticky Flame             Conj/Fire      100%       2d11      8%          4
 Summon Lightning Spire   Summ/Air       83%        N/A       8%          4
 Metabolic Englaciation   Hex/Ice        51%        N/A       9%          5
 Haunt                    Necr/Summ      86%        N/A       12%         7
 Storm Form               Tmut/Air       74%        N/A       12%         7
 Lehudib's Crystal Spear  Conj/Erth      81%        10d18     17%         8
 Fireball                 Conj/Fire      52%        3d20      19%         5
 Iskenderun's Battlesphe  Conj           83%        2d13      19%         5
 Manifold Assault         Tloc           83%        N/A       19%         5
 Silence                  Hex/Air        41%        N/A       19%         5
 Summon Forest            Summ/Tloc      41%        N/A       19%         5
 Summon Mana Viper        Hex/Summ       83%        N/A       19%         5
 Death's Door             Necr           100%       N/A       26%         9
 Conjure Ball Lightning   Conj/Air       41%        3x3d13    58%         6
 Dispersal                Tloc           41%        N/A       58%         6
 Starburst                Conj/Fire      52%        6d14      58%         6
 Summon Cactus Giant      Summ           41%        N/A       58%         6
 Ozocubu's Refrigeration  Ice            59%        4d20      58%         7
 Enfeeble                 Hex            41%        N/A       98%         7
 Malign Gateway           Summ/Tloc      41%        N/A       98%         7
 Orb of Destruction       Conj           41%        9d11      98%         7
 Spellforged Servitor     Conj/Summ      41%        N/A       98%         7
 Summon Hydra             Summ           41%        N/A       98%         7
 Discord                  Hex            41%        N/A       100%        8
 Disjunction              Tloc           41%        N/A       100%        8
 Ignition                 Fire           52%        3d15      100%        8
 Maxwell's Capacitive Co  Air            41%        ∞         100%        8
 Summon Horrible Things   Summ           41%        N/A       100%        8
 Chain Lightning          Conj/Air       41%        3d55      100%        9
 Dragon's Call            Summ           41%        N/A       100%        9
 Fire Storm               Conj/Fire      52%        8d13      100%        9
 Polar Vortex             Ice            59%        N/A       100%        9


Dungeon Overview and Level Annotations

Branches:
Dungeon (15/15)            Temple (1/1) D:5            Lair (5/5) D:10
 Shoals (4/4) Lair:2       Spider (4/4) Lair:3        Slime (5/5) Lair:4
    Orc (2/2) D:11            Elf (3/3) Orc:2        Vaults (5/5) D:13
  Crypt (3/3) Vaults:3       Tomb (3/3) Crypt:3      Depths (4/4) D:15
   Hell (visited)             Dis (7/7) Hell            Geh (7/7) Hell
    Coc (7/7) Hell            Tar (7/7) Hell            Zot (5/5) Depths:4
Ossuary (visited)           IceCv (visited)

Altars:
Ashenzari
Cheibriados
Dithmenos
Elyvilon
Fedhas
Gozag
Hepliaklqana
Kikubaaqudgha
Makhleb
Nemelex Xobeh
Okawaru
Qazlal
Ru
Sif Muna
Trog
Uskayaw
Vehumet
Wu Jian
Xom
Yredelemnul
Zin
The Shining One
Jiyva

Shops:
D:4 !   D:5 (   D:10 =   D:13 !?(   Orc:2 =:((   Elf:1 =   Elf:2 [   Elf:3 ==:
Shoals:3 **   Vaults:2 =   Vaults:3 :(   Vaults:5 *

Portals:
Hell: Depths:1 Depths:2 Depths:3
Abyss: Depths:3
Pandemonium: Depths:1 Depths:2

Annotations:
D:3 exclusion: downstairs
D:4 exclusion: downstairs
D:8 exclusion: downstairs
D:9 exclusion: wizard
D:15 Roxanne
Temple 2 transporters
Shoals:1 exclusion: 2 oklob plants
Vaults:3 3 runed translucent doors, HilariousDeathArtist's ghost, adept CeWn
Depths:4 exclusion: hellion
Tar:7 Ereshkigal


Innate Abilities, Weirdness & Mutations

You are an undead lich.
Your unarmed attacks are suffused with negative energy.
You are immune to unholy pain and torment.
Your necromantic spells are more powerful.
You cannot drink.
You are immune to poison.
You cannot wear most types of armour.
You are amphibious.
You can wear up to eight rings at the same time.
Your skin changes colour to match your surroundings (Stealth+).
Your rubbery body absorbs attacks. (AC +1, EV +1)
((You are camouflaged when in or above water. (Stealth+)))
You have tentacles for arms and can constrict up to eight enemies at once.
Your flesh is cold resistant. (rC+)
Your body sometimes deteriorates upon taking damage.
Your magical capacity is very low. (-20% MP)
You occasionally shout uncontrollably at your foes.
Your spells are harder to cast, but more powerful.


Message History

You batter the rakshasa!! Your grab misses the rakshasa.
Your squeeze misses the rakshasa.
The rakshasa is moderately wounded.
You batter the rakshasa!! You grab the rakshasa.
The rakshasa is severely wounded.
You constrict the rakshasa! You block the rakshasa's attack.
You lose your grip on the rakshasa.
The injured rakshasa weaves a defensive illusion!
You block the great orb of eyes's attack.
You thrash the rakshasa!!!
You kill the rakshasa!
Cheibriados appreciates the change of pace.
The rakshasa shimmers and vanishes! x2
You block the great orb of eyes's attack.
You batter the great orb of eyes!!
You squeeze the great orb of eyes, but do no damage.
The great orb of eyes is moderately wounded.
You block the great orb of eyes's attack.
You thrash the great orb of eyes!!!!!
You kill the great orb of eyes!
Cheibriados appreciates the change of pace.
No target in view!
Magic restored.
There is an open door here.
There is a stone staircase leading up here.
You climb upwards.
There is a stone staircase leading down here.
Your transformation is almost over.
There is a staircase leading out of the dungeon here.
You revert to your normal fleshy form.
Press: ? - help, v - describe, . - travel A staircase leading out of the dungeon.
This square is covered in magical glow.
There is a staircase leading out of the dungeon here.
Casting: Statue Form (mildly dangerous; 1% risk of failure)
Confirm with . or Enter, or press ? or * to list all spells.
You feel a surge of power!
Your body is suffused with negative energy!
Unknown command.
You have escaped!

.######.##.#.......# ##..#.#.#
......#.##[######### #.....#.#
^.....#.##.##############.#####.#
......#.##...........)..........#
......#.############8.##.######.#
......#.#................########
......#.#.#####...##8...###......
........#.# #.....##>.## #.#####
####...##.# ##.L.###...# #.### #
#.#.##.# #.....##...###...# #
#.#.##.#####...##8.....'...### #
#)#..#...............###...#..
####.##.############8.....#...#.#
.....##...............).#.#####.#
###############....####.#.# ##.#
#....##.)...# #...
#....##.#.######..#


There were no monsters in sight!

Vanquished Creatures
  Asmodeus (Geh:7)
  Antaeus (Coc:7)
  the Royal Jelly (Slime:5)
  Gloorx Vloq (Pan)
  The ghost of Tang the Archmage, a legendary DjCj of Makhleb (Zig:19)
  the Serpent of Hell (Dis:7)
  Mnoleg (Pan)
  Dispater (Dis:7)
  The ghost of Ikusitist the Infernalist, a legendary NaFE of Cheibriados (Zig:19)
  The ghost of Oreexun the Archmage, a legendary DECj of Vehumet (Zig:19)
  The ghost of Gadrel the Cryomancer, a legendary BaTm of Gozag (Zig:19)
  Tiamat (Zot:2)
  17 dread liches
  3 ancient liches
  Khufu (Tomb:3)
  7 pandemonium lords
  Mennas (Pan)
  The ghost of wingedge the Cruiserweight Champion, a legendary PaTm of Gozag (Zig:19)
  Mara (Vaults:4)
  5 orbs of fire
  The ghost of AverageBear the Invulnerable, a legendary DsFi of Gozag (Zig:19)
  The ghost of AverageBear the Demonspawn of Death, a legendary DsFi of Gozag (Zig:19)
  A juggernaut (Dis:7)
  Josephina (Depths:3)
  38 royal mummies
  Sojobo (Vaults:2)
  Boris (thrice) (Vaults:3 Vaults:5 Depths:2)
  6 Killer Klowns
  12 shard shrikes
  Saint Roka (Orc:1)
  Margery (Vaults:2)
  The ghost of gdog the Opulent, a veteran GnDe of Gozag (Zig:19)
  Frederick (Vaults:4)
  6 caustic shrikes
  6 curse toes
  Geryon (Hell)
  Arachne (Spider:4)
  11 golden dragons
  19 bone dragons
  18 profane servitors
  10 doom hounds
  19 Tzitzimimeh
  The ghost of mortz the Hoplite, a veteran GrEE of Okawaru (Zig:19)
  5 iron giants
  7 electric golems
  12 hellephants
  24 Ice Fiends
  20 tentacled monstrosities
  7 Brimstone Fiends
  17 tainted leviathans
  20 Hell Sentinels
  17 liches
  A walking crystal tome (Depths:3)
  2 shard shrike skeletons
  Asterion (Spider:3)
  5 deep elf blademasters
  Grunn (Crypt:3)
  26 Orb Guardians
  12 titans
  A walking frostbound tome (Abyss:4)
  A walking divine tome (Abyss:4)
  18 searing wretches
  7 deep elf master archers
  The ghost of Airmonger the Marksgnoll, an adept GnCj of Vehumet (Spider:2)
  20 acid blobs
  21 tentacled starspawn
  A sphinx (shapeshifter) (Zig:20)
  7 quicksilver dragons
  2 krakens (Shoals:1)
  25 Executioners
  14 death cobs
  A thorn hunter (Abyss:4)
  9 sphinxes
  14 shadow dragons
  4 tengu reavers
  35 ancient champions
  24 draconian monks
  The ghost of Detar the Severer, an adept HOFi of Beogh (Spider:3)
  25 storm dragons
  2 fenstrider witches
  Kirke (Spider:3)
  11 rockslimes
  A fenstrider witch (shapeshifter) (Zig:20)
  The ghost of Ettath the Severer, a journeyman HOFi of Okawaru (Shoals:2)
  9 revenants
  The ghost of AverageBear the Severer, an adept FoFi of Cheibriados (Spider:2)
  17 draconian knights
  12 daevas
  2 demonspawn warmongers
  23 draconian scorchers
  7 narguns
  2 deep elf sorcerers
  11 iron dragons
  5 quicksilver elementals
  14 frost giants
  11 vault wardens
  Louise (Spider:1)
  An orc warlord (Vaults:2)
  28 balrugs
  The ghost of TheSexyCheese the Severer, an adept GrFi of Gozag (Spider:2)
  3 spectral caustic shrikes
  15 azure jellies
  5 shard shrike simulacra
  17 draconian stormcallers
  19 fire giants
  5 ghost moths
  A spectral juggernaut (Tar:3)
  Aizul (Elf:3)
  8 curse skulls
  4 emperor scorpions (Spider:4)
  6 ghouls
  21 draconian shifters
  2 caustic shrike zombies
  10 angels
  3 broodmothers (Spider:4)
  19 cacodemons
  33 very ugly things
  2 demonspawn corrupters
  5 ophanim
  32 ironbound preservers
  3 demonspawn blood saints
  13 reapers
  5 quicksilver oozes
  7 deep elf elementalists (Elf:3)
  26 war gargoyles
  5 ironbound thunderhulks
  11 stone giants
  3 spriggan defenders
  16 draconian annihilators
  20 green draconians
  A starflower (Abyss:4)
  18 bennus
  2 caustic shrike skeletons
  8 demonspawn black suns
  7 deep elf demonologists
  7 dire elephants
  2 spectral hellephants (Crypt:1)
  9 apis (Pan)
  13 black draconians
  5 yellow draconians
  8 vampire knights
  A bunyip (Zig:15)
  A halazid warlock (Hell)
  26 elemental wellsprings
  An eleionoma (Zig:12)
  16 purple draconians
  4 wendigos
  8 deep elf annihilators
  17 spark wasps
  26 putrid mouths
  9 lorocyprocas
  4 entropy weavers
  20 red draconians
  11 white draconians
  14 green deaths
  7 blizzard demons
  8 eidola
  8 ettins
  21 mummy priests
  4 crystal guardians
  6 deep elf death magi
  2 spectral elves (Crypt:1)
  28 iron golems
  4 merfolk javelineers
  7 merfolk impalers
  A spectral golden dragon (Tar:1)
  17 yaktaur captains
  9 fire dragons
  2 shambling mangroves
  12 ice dragons
  2 quicksilver dragon zombies (Crypt:3)
  15 deep elf high priests
  26 vault guards
  12 jiangshi
  3 hell beasts (Pan)
  6 rakshasas
  2 spriggan zombies
  12 great orbs of eyes
  5 spectral spriggans
  3 ghost crabs
  A peacekeeper (Vaults:2)
  11 boulder beetles
  14 hydras
  13 salamander tyrants
  A jorogumo (Spider:4)
  5 merfolk avatars
  A radroach (shapeshifter) (Zig:20)
  13 caustic shrike simulacra
  10 ironbound frosthearts
  2 death knights
  3 spriggan skeletons (Crypt:3)
  2 anacondas
  7 stokers
  An alligator snapping turtle (Shoals:4)
  5 ogre magi
  8 merfolk aquamancers
  5 spriggan air magi
  8 juggernaut simulacra
  2 catoblepae
  An alligator snapping turtle (shapeshifter) (Zig:20)
  9 centaur warriors
  42 dancing weapons
  4 alligators
  2 satyrs
  10 two-headed ogres
  51 death scarabs
  2 radroaches
  2 spectral stone giants
  5 tengu warriors
  4 vampire magi
  A satyr (shapeshifter) (Zig:20)
  9 death yaks
  2 naga sharpshooters
  5 deep troll earth magi
  A death yak (shapeshifter) (Zig:20)
  6 orc high priests
  3 deep troll shamans
  3 naga warriors
  29 hell hogs
  A spectral dire elephant (Tar:3)
  4 spriggan berserkers
  22 soul eaters
  12 thrashing horrors
  19 deep elf knights
  A titan zombie (Crypt:3)
  6 shock serpents
  3 spriggans
  31 hell knights
  18 wretched stars
  6 crystal echidnas
  34 skeletal warriors
  2 iron trolls
  23 sixfirhies
  25 sun demons
  A fire crab (Lair:5)
  2 titan skeletons
  6 pharaoh ants
  2 sun moths (Spider:4)
  2 spriggan druids
  5 quicksilver dragon simulacra
  A spriggan rider (Depths:2)
  A spectral anaconda (Tar:4)
  12 steelbarb worms
  5 anaconda zombies
  3 bog bodies
  15 shadow wraiths
  2 goliath frogs
  A death drake (Abyss:4)
  4 cherubim
  9 glowing orange brains
  10 shadow demons
  5 flayed ghosts
  2 shadow dragon zombies
  69 deep trolls
  A glowing orange brain (shapeshifter) (Zig:20)
  3 spatial maelstroms
  A naga ritualist (Zig:8)
  A steelbarb worm (shapeshifter) (D:13)
  A bunyip zombie (Tomb:2)
  10 sea snakes
  4 spriggan simulacra
  19 deep elf archers
  5 orb spiders
  9 lindwurms
  7 swamp dragons
  14 phantasmal warriors
  14 harpies
  A tengu zombie (Depths:2)
  95 starcursed masses
  13 ironbound convokers
  2 orange crystal statues
  An iron giant skeleton (Tomb:2)
  A mana viper (shapeshifter) (Abyss:3)
  15 wolf spiders
  4 orc knights
  10 wizards
  A tengu skeleton (Depths:2)
  32 deep elf zephyrmancers
  17 necromancers
  15 fauns
  64 ugly things
  28 deep elf pyromancers
  A mana viper (Abyss:4)
  10 shining eyes
  19 manticores
  5 worldbinders
  2 shadow dragon skeletons
  A fire giant zombie (Depths:2)
  7 orc sorcerers
  2 salamanders
  2 spectral ettins
  6 will-o-the-wisps
  11 cyclopes
  A stone giant zombie (Crypt:2)
  12 merfolk sirens
  30 moths of wrath
  A shining eye (shapeshifter) (Zig:20)
  A toenail golem (Pan)
  2 iron dragon skeletons (Pan)
  4 elephants (Lair:2)
  4 guardian serpents
  2 elf zombies
  5 black mambas
  8 molten gargoyles (Geh:7)
  2 guardian serpents (shapeshifter)
  6 water nymphs
  7 torpor snails
  3 naga magi
  A water nymph (shapeshifter) (Zig:18)
  A frost giant skeleton (Crypt:2)
  A goliath frog skeleton (Crypt:1)
  5 ice statues
  17 vault sentinels
  A cane toad (shapeshifter) (D:13)
  27 smoke demons
  A stone giant skeleton (Hell)
  4 titan simulacra
  2 rust devils (Hell)
  3 apocalypse crabs
  4 gargoyles
  9 cane toads
  5 eyes of devastation
  2 centaur skeletons (Crypt:3)
  An alligator snapping turtle zombie (Crypt:3)
  2 unseen horrors
  16 orange demons
  29 hellions
  A black draconian zombie (Crypt:3)
  2 kobold demonologists
  9 demonic crawlers
  2 elf skeletons
  9 spectral swamp worms (Tar:7)
  2 sea snake zombies
  A golden dragon simulacrum (Depths:3)
  A yaktaur (shapeshifter) (Elf:2)
  A yaktaur zombie (Vaults:2)
  3 anaconda simulacra (Coc:7)
  18 rime drakes
  2 unseen horrors (shapeshifter)
  34 yaktaurs
  3 iron giant simulacra (Coc:7)
  24 tormentors
  3 efreet
  8 komodo dragons
  6 tengu conjurers
  7 ancient zymes
  15 freezing wraiths
  4 spectral harpies
  56 guardian mummies
  3 spectral nagas
  4 hellwings
  An ice devil (Depths:1)
  3 red devils
  A troll (shapeshifter) (D:13)
  25 merfolk
  A harpy zombie (Crypt:3)
  3 meliai (Spider:4)
  22 polar bears
  6 trolls
  4 hydra zombies (Hell)
  A tyrant leech (Zig:12)
  33 tarantellas
  11 hornets
  A polar bear (shapeshifter) (D:13)
  3 wind drakes
  7 dream sheep
  46 slime creatures
  2 tengu simulacra
  5 harpy skeletons
  40 raiju
  A boulder beetle zombie (Crypt:1)
  An alligator zombie (Hell)
  An iron dragon simulacrum (Coc:4)
  An ice dragon zombie (Tomb:2)
  2 stone giant simulacra (Coc:3)
  16 blink frogs
  6 snapping turtles
  18 jumping spiders
  An ettin zombie (Crypt:3)
  A fire giant simulacrum (Depths:3)
  A frost giant simulacrum (Depths:3)
  Sigmund (D:2)
  A shadow (D:12)
  A naga simulacrum (Coc:7)
  54 flying skulls
  2 ettin skeletons
  16 water elementals
  An alligator skeleton (Hell)
  3 wraiths
  26 culicivoras
  15 ynoxinuls
  8 air elementals
  3 wyverns
  28 ushabtiu
  A vampire (Abyss:3)
  5 dire elephant simulacra
  A black mamba skeleton (Tomb:2)
  37 yaks
  An orc simulacrum (Crypt:3)
  7 hogs (Spider:3)
  A basilisk (shapeshifter) (Zig:9)
  46 redbacks
  2 steam dragons
  6 fire elementals
  5 basilisks
  A fire bat (Abyss:4)
  9 golden eyes
  6 vampire mosquitoes
  24 chaos spawn
  34 neqoxecs
  A human simulacrum (Vaults:4)
  64 large abominations
  A swamp worm (shapeshifter) (Abyss:4)
  A water nymph zombie (Crypt:3)
  9 harpy simulacra
  6 wargs
  A naga (Zig:8)
  2 acid dragons (D:14)
  2 hydra simulacra
  16 water moccasins
  A cane toad zombie (Crypt:2)
  7 floating eyes
  A cane toad skeleton (Crypt:2)
  8 hell hounds
  A naga skeleton (Hell)
  A floating eye (shapeshifter) (Vaults:4)
  37 orc warriors
  17 small abominations
  A black bear (shapeshifter) (D:14)
  A swamp drake (Zig:15)
  A sky beast (D:7)
  8 black bears
  2 ice beasts
  A boggart (Elf:1)
  13 ogres
  3 ettin simulacra
  16 wolves
  10 centaurs
  2 phantoms
  A hog skeleton (Crypt:1)
  8 kobold brigands
  15 bullfrogs
  7 earth elementals
  3 necrophages
  A scorpion (Lair:5)
  3 wights (Abyss:3)
  A yak zombie (Crypt:1)
  A floating eye simulacrum (Depths:2)
  12 killer bees (D:9)
  4 electric eels
  A polar bear skeleton (Crypt:2)
  A wolf skeleton (Crypt:1)
  4 centaur zombies
  8 howler monkeys
  6 crimson imps
  2 quasits
  A bullfrog zombie (Crypt:3)
  21 orc priests
  5 hounds
  5 jellies
  3 iron imps
  3 iguanas
  36 orc wizards
  11 hell rats
  An acid dragon zombie (Crypt:3)
  65 mummies
  3 adders
  A shadow imp (D:6)
  3 white imps
  3 ufetubi
  2 worms (D:4)
  81 orcs
  4 endoplasms
  2 giant cockroaches
  10 goblins
  6 hobgoblins
  2 quokkas
  5 ball pythons
  3 bats
  2 frilled lizards
  A gnoll zombie (Ossuary)
  2 goblin zombies (Ossuary)
  22 kobolds
  A kobold zombie (Ossuary)
  An orc zombie (Ossuary)
  A quokka skeleton (Crypt:1)
  A quokka zombie (Crypt:2)
  7 rats
  4 creeping infernos
  8 fire vortices
  A fungus (Depths:2)
  2 lurking horrors (Abyss:4)
  A plant (Shoals:1)
  16 starspawn tentacles
  2 tentacles (Shoals:1)
  A toadstool (Depths:2)
4385 creatures vanquished.

Vanquished Creatures (collateral kills)
  2 acid blobs (Slime:5)
  2 merfolk sirens (Lair:2)
4 creatures vanquished.

Vanquished Creatures (others)
  The ghost of WeeknightWizard the Sorcerer, a veteran DEFE of Vehumet (Zig:19)
  A hellephant (Geh:5)
  A tentacled monstrosity (Zot:2)
  A lich (Abyss:4)
  A walking frostbound tome (Abyss:4)
  2 eldritch tentacles
  A shadow dragon (Zig:19)
  2 tentacled starspawn
  A revenant (Zig:19)
  A stone giant (Depths:1)
  4 ghost crabs (Zig:19)
  2 ogre magi (Abyss:4)
  A centaur warrior (Vaults:2)
  2 soul eaters (Zig:19)
  A sixfirhy (Pan)
  A will-o-the-wisp (Zig:17)
  An apocalypse crab (Zig:21)
  A smoke demon (Zig:17)
  A tormentor (Geh:2)
  2 hellwings (Pan)
  A bloated husk (Zig:15)
  2 fire bats (Abyss:4)
  A starcursed mass (Abyss:3)
  3 chaos spawn (Abyss:4)
  A neqoxec (Pan)
  A fire elemental (Zig:18)
  A vampire mosquito (Zig:15)
  A redback (Spider:4)
  A sky beast (Abyss:4)
  An ogre (D:15)
  A tengu (Abyss:4)
  A small abomination (Abyss:3)
  An orc priest (Orc:2)
  An orc wizard (Orc:2)
  A block of ice (Pan)
  4 creeping infernos
  A fire vortex (Zig:19)
  20 foxfires
  31 fungi
  2 lurking horrors (Abyss:4)
  56 plants
  44 starspawn tentacles
  8 tentacles (Shoals:1)
  2 toadstools (Depths:2)
214 creatures vanquished.

Grand Total: 4603 creatures vanquished

Notes
Turn   | Place    | Note
-------+----------+-------------------------------------------
     0 | D:1      | TittyCrusher the Octopode Transmuter began the quest for
                  | the Orb.
     0 | D:1      | Reached XP level 1. HP: 13/13 MP: 3/3
   261 | D:1      | Found a faded altar of an unknown god.
   299 | D:1      | Reached XP level 2. HP: 18/18 MP: 3/5
   324 | D:1      | Gained mutation: You expend magic power (3 MP) to
                  | strengthen your wands. [potion of mutation]
   324 | D:1      | Gained mutation: You passively map a small area around you.
                  | [potion of mutation]
   324 | D:1      | Gained mutation: You possess an exceptional clarity of
                  | mind. [potion of mutation]
   324 | D:1      | Gained mutation: You are partially covered in iridescent
                  | scales. (AC +2) [potion of mutation]
   858 | D:1      | You fall into a shaft and drop 1 floor!
  1262 | D:2      | Reached XP level 3. HP: 23/23 MP: 4/6
  1266 | D:2      | Learned a level 3 spell: Spider Form
  1400 | D:2      | Noticed Sigmund
  1666 | D:2      | Killed Sigmund
  1667 | D:2      | Reached skill level 5 in Poison Magic
  1667 | D:2      | Reached XP level 4. HP: 28/28 MP: 7/7
  1667 | D:2      | Reached XP level 5. HP: 33/33 MP: 8/8
  2212 | D:3      | Found a hide-covered altar of Uskayaw.
  2727 | D:3      | Found an ancient bone altar of Kikubaaqudgha.
  3086 | D:4      | Reached XP level 6. HP: 34/38 MP: 6/9
  3697 | D:4      | Reached XP level 7. HP: 34/43 MP: 8/10
  3826 | D:4      | Found Usytal's Distillery.
  3834 | D:4      | Bought a potion of heal wounds for 50 gold pieces
  3834 | D:4      | Bought a potion of curing for 30 gold pieces
  3834 | D:4      | Bought a potion of invisibility for 80 gold pieces
  4155 | D:5      | Entered Level 5 of the Dungeon
  4166 | D:4      | Reached skill level 5 in Unarmed Combat
  4261 | D:5      | Learned a level 3 spell: Mephitic Cloud
  4346 | D:5      | Reached XP level 8. HP: 41/48 MP: 7/11
  4828 | D:5      | Found a staircase to the Ecumenical Temple.
  4835 | Temple   | Entered the Ecumenical Temple
  4835 | Temple   | Found a transporter.
  4835 | Temple   | Found a transporter.
  4837 | Temple   | Found a transporter.
  4837 | Temple   | Found a transporter.
  4848 | Temple   | Became a worshipper of Cheibriados the Contemplative
  5046 | D:5      | Found Qugiul's Weapon Boutique.
  5584 | D:6      | Found a sand-covered staircase.
  5622 | Ossuary  | Entered an ossuary
  6411 | D:6      | Reached * piety under Cheibriados
  6519 | D:6      | Reached XP level 9. HP: 53/53 MP: 8/12
  6575 | D:6      | Reached skill level 10 in Unarmed Combat
  7663 | D:7      | Reached ** piety under Cheibriados
  7941 | D:7      | Learned a level 4 spell: Ice Form
  8368 | D:7      | Reached skill level 5 in Fighting
  9541 | D:9      | Reached skill level 1 in Ice Magic
  9546 | D:9      | Reached XP level 10. HP: 51/68 MP: 6/13
  9670 | D:10     | Entered Level 10 of the Dungeon
  9775 | D:9      | Reached *** piety under Cheibriados
 10148 | D:9      | Reached skill level 5 in Transmutations
 10242 | D:9      | Noticed a wizard
 10583 | D:10     | Reached **** piety under Cheibriados
 10773 | D:10     | Found Dyinkix's Jewellery Shoppe.
 10884 | D:10     | Got the Almanac of Enthralling Blasphemous Rituals
 10933 | D:10     | Found a staircase to the Lair.
 11004 | D:10     | Found a sparkling altar of Nemelex Xobeh.
 11281 | Lair:1   | Entered Level 1 of the Lair of Beasts
 11315 | Lair:1   | Noticed a black mamba
 11397 | Lair:1   | Killed a black mamba
 11398 | Lair:1   | Reached XP level 11. HP: 72/72 MP: 10/14
 11541 | Lair:1   | Reached skill level 5 in Invocations
 11864 | Lair:1   | Reached ***** piety under Cheibriados
 12799 | Lair:2   | Found a staircase to the Shoals.
 12838 | Lair:2   | Learned a level 2 spell: Wereblood
 12916 | Lair:2   | Learned a level 5 spell: Freezing Cloud
 13091 | Lair:2   | Reached skill level 5 in Spellcasting
 13220 | Lair:2   | Reached XP level 12. HP: 79/79 MP: 16/20
 13357 | Lair:3   | Learned a level 4 spell: Passage of Golubria
 13404 | Lair:3   | Noticed a catoblepas
 13406 | Lair:3   | Noticed a death yak
 13520 | Lair:3   | Found a hole to the Spider Nest.
 13617 | Lair:3   | Noticed a death yak
 13617 | Lair:3   | Noticed a death yak
 13618 | Lair:3   | Noticed a death yak
 13628 | Lair:3   | Killed a death yak
 13632 | Lair:3   | Killed a death yak
 13639 | Lair:3   | Noticed a death yak
 13682 | Lair:3   | Learned a level 6 spell: Statue Form
 13731 | Lair:3   | Reached skill level 1 in Earth Magic
 13809 | Lair:3   | Killed a death yak
 13813 | Lair:3   | Killed a death yak
 13818 | Lair:3   | Killed a death yak
 13842 | Lair:3   | Killed a catoblepas
 13929 | Lair:3   | Reached skill level 5 in Earth Magic
 13944 | Lair:3   | Reached skill level 1 in Shields
 14369 | D:10     | Bought the ring "Hynil" {Contam Fly Will+ SInv} for 523
                  | gold pieces
 14561 | Lair:4   | Found a staircase to the Slime Pits.
 14561 | Lair:4   | Found a viscous altar of Jiyva.
 14781 | Lair:4   | Noticed a six-headed hydra
 14788 | Lair:4   | Reached skill level 5 in Shields
 14791 | Lair:4   | Killed a six-headed hydra
 14871 | Lair:4   | Reached XP level 13. HP: 83/83 MP: 18/23
 15390 | Lair:5   | Entered Level 5 of the Lair of Beasts
 15458 | Lair:5   | Reached ****** piety under Cheibriados
 15622 | Lair:5   | Found the +8 Wrath of Trog {antimagic, *Rage Rampage}
 15764 | Lair:5   | Reached skill level 15 in Unarmed Combat
 15837 | Lair:5   | Reached XP level 14. HP: 89/90 MP: 13/24
 17040 | D:11     | Found a staircase to the Orcish Mines.
 17398 | D:11     | Found a transporter.
 17546 | D:11     | Found a transporter.
 17632 | D:11     | Reached skill level 5 in Stealth
 18145 | Orc:1    | Entered Level 1 of the Orcish Mines
 18609 | Orc:2    | Entered Level 2 of the Orcish Mines
 18609 | Orc:2    | Noticed Saint Roka
 18755 | Orc:1    | Killed Saint Roka
 18824 | Orc:2    | Found a staircase to the Elven Halls.
 18963 | Orc:2    | Found Daschub's Jewellery Shoppe.
 18963 | Orc:2    | Found Pefid's Antique Weapon Emporium.
 18963 | Orc:2    | Found Zegebic's Book Shoppe.
 18967 | Orc:2    | Found Paojakui's Weapon Emporium.
 19262 | Orc:2    | Bought the ring of Anuydawa {rPois rC+ Will+ Str+6 Int+4}
                  | for 682 gold pieces
 19269 | Orc:2    | Bought the ring of Ittaurgho {rF+ rC++ Will- Dex+2} for 495
                  | gold pieces
 19273 | Orc:2    | Bought the ring of Doubts {rPois rF+ MP+9 Dex+2} for 571
                  | gold pieces
 19556 | D:12     | Reached skill level 10 in Invocations
 19674 | D:12     | Reached XP level 15. HP: 94/94 MP: 25/25
 20013 | D:13     | Found Usteami's Distillery.
 20122 | D:13     | Found a gate to the Vaults.
 20167 | D:13     | Found Loemper's Magic Scroll Boutique.
 20175 | D:13     | Bought a scroll of immolation for 56 gold pieces
 20175 | D:13     | Bought a scroll of silence for 133 gold pieces
 20175 | D:13     | Bought a scroll of identify for 28 gold pieces
 20175 | D:13     | Bought a scroll of blinking for 105 gold pieces
 20235 | D:13     | Found Deant's Weapon Shop.
 20340 | D:13     | Found a broken altar of Ashenzari.
 20667 | D:14     | Reached skill level 5 in Dodging
 21380 | D:15     | Entered Level 15 of the Dungeon
 21432 | D:15     | Found a frozen archway.
 21447 | IceCv    | Entered an ice cave
 21528 | IceCv    | Reached skill level 10 in Dodging
 21642 | IceCv    | Noticed a frost giant
 21642 | IceCv    | Noticed a frost giant
 21652 | IceCv    | Reached XP level 16. HP: 101/101 MP: 26/26
 21698 | IceCv    | Found the +8 frozen axe "Frostbite" {freezing cloud, *Noise
                  | Fly rC+}
 22016 | D:15     | Identified the +1 robe of Noqo {rPois Dex+2 Stlth+}
 22029 | D:15     | Found a stormy altar of Qazlal.
 22147 | D:15     | Noticed Roxanne
 22239 | D:15     | Reached skill level 10 in Fighting
 22397 | D:15     | Found a staircase to the Depths.
 22503 | D:15     | Identified the +5 dagger "Qiga" {pain, rN+}
 22601 | D:15     | Found a portal to a secret trove of treasure.
 23250 | Spider:1 | Entered Level 1 of the Spider Nest
 23490 | Spider:1 | Noticed Louise
 23504 | Spider:1 | Killed Louise
 23527 | Spider:1 | Found a runed translucent door.
 23575 | Spider:1 | Identified the +4 battleaxe "Ammiklo" {holy, rPois}
 23643 | Spider:1 | Identified the +9 plate armour "Wolyer" {+Inv rCorr Int+3}
 23726 | Spider:2 | Reached XP level 17. HP: 119/119 MP: 27/27
 24115 | Spider:2 | Found the +8 demon trident "Rift" {distort, reach+}
 24218 | Spider:2 | Found a runed translucent gate.
 24218 | Spider:2 | Found a runed translucent gate.
 24218 | Spider:2 | Found a runed translucent gate.
 24224 | Spider:2 | Noticed TheSexyCheese's ghost (adept GrFi)
 24224 | Spider:2 | Noticed Airmonger's ghost (adept GnCj)
 24225 | Spider:2 | Noticed AverageBear's ghost (adept FoFi)
 24233 | Spider:2 | Killed Airmonger's ghost
 24238 | Spider:2 | Killed TheSexyCheese's ghost
 24242 | Spider:2 | Killed AverageBear's ghost
 24673 | Spider:3 | Noticed Asterion
 24675 | Spider:3 | Noticed an Executioner
 24685 | Spider:3 | Killed Asterion
 24947 | Spider:3 | Noticed Kirke
 24950 | Spider:3 | Killed Kirke
 25024 | Spider:3 | Found a transporter.
 25079 | Spider:3 | Found a transporter.
 25669 | Spider:3 | Noticed Detar's ghost (adept HOFi)
 25682 | Spider:3 | Killed Detar's ghost
 25683 | Spider:3 | Reached skill level 10 in Shields
 25686 | Spider:3 | Identified the ring "Asasam" {rF+ MP+9}
 25687 | Spider:3 | Identified the amulet of Wodghifo {Faith Rampage Drain rF+
                  | Int+4}
 25731 | Spider:4 | Entered Level 4 of the Spider Nest
 26022 | Spider:4 | Noticed Arachne
 26031 | Spider:4 | Killed Arachne
 26541 | Spider:4 | Reached XP level 18. HP: 126/126 MP: 22/28
 26750 | Spider:4 | Got a gossamer rune of Zot
 27165 | Elf:1    | Entered Level 1 of the Elven Halls
 27771 | Elf:1    | Reached skill level 15 in Shields
 27898 | Elf:1    | Found Qaoc's Jewellery Emporium.
 27906 | Elf:1    | Bought the ring of Hoxoibox {Will+ Int+6} for 826 gold
                  | pieces
 28220 | Elf:2    | Found Zamou's Antique Armour Shop.
 28451 | Elf:2    | Found a runed translucent gate.
 28454 | Elf:2    | Found a runed translucent gate.
 28455 | Elf:2    | Found a runed translucent gate.
 28849 | Elf:2    | Reached XP level 19. HP: 130/131 MP: 29/29
 29063 | Elf:3    | Entered Level 3 of the Elven Halls
 29205 | Elf:3    | Reached skill level 10 in Transmutations
 29205 | Elf:3    | Reached skill level 10 in Earth Magic
 29377 | Elf:3    | Found a shimmering blue altar of Sif Muna.
 29436 | Elf:3    | Found Qihufedu's Book Boutique.
 29436 | Elf:3    | Found Hiyrios's Jewellery Emporium.
 29437 | Elf:3    | Found Qolag's Jewellery Emporium.
 29439 | Elf:3    | Paralysed by an air elemental for 1 turns
 29538 | Elf:3    | Identified the +8 lajatang of the Pill Bug {vorpal, Int+4}
 29550 | Elf:3    | Noticed a Tzitzimitl
 29551 | Elf:3    | Noticed a Tzitzimitl
 29730 | Elf:3    | Noticed Aizul
 29741 | Elf:3    | Killed Aizul
 30032 | Elf:3    | Identified the ring "Jouleg" {Fire rPois Will+++ Dex+4
                  | Stlth-}
 30037 | Elf:3    | Identified the +5 battleaxe of the Hummingbird {venom,
                  | Will+ Str+8}
 30189 | Elf:3    | Got the Lectures on Spellbinding Ice
 30212 | Elf:3    | Identified the +1 arbalest of Springtime {elec, rCorr
                  | Str+2}
 30283 | Elf:3    | Identified the +10 spear of Xefesun {freeze, rN+ Dex+5}
 30576 | Vaults:1 | Entered Level 1 of the Vaults
 31023 | Vaults:1 | Reached XP level 20. HP: 137/137 MP: 30/30
 31199 | Vaults:1 | Identified the ring "Vapib" {rElec rN+ Dex+3}
 32186 | Vaults:2 | Identified the ring of the Sharp God {Int+3 Slay+4}
 32350 | Vaults:2 | Found Feuczuh's Jewellery Shoppe.
 32366 | Vaults:2 | Bought the amulet "Exar" {rPois Regen+ Int+4} for 1041 gold
                  | pieces
 32427 | Vaults:2 | Identified the +5 halberd "Jotac" {drain, Str+4}
 32701 | Vaults:2 | Noticed Sojobo
 32701 | Vaults:2 | Noticed Margery
 32935 | Vaults:2 | Reached XP level 21. HP: 143/143 MP: 31/31
 33066 | Vaults:2 | Killed Sojobo
 33100 | Vaults:2 | Killed Margery
 33247 | Vaults:2 | Identified the +10 sling "Lesmosoo" {freeze, Contam Str+3
                  | Dex+5}
 33598 | Vaults:3 | Found a staircase to the Crypt.
 33613 | Crypt:1  | Entered Level 1 of the Crypt
 35071 | Crypt:2  | Identified the +2 scale mail "Fuicon" {-Tele rPois Will+}
 35255 | Crypt:3  | Entered Level 3 of the Crypt
 35437 | Crypt:3  | Found a staircase to the Tomb.
 35523 | Crypt:3  | Noticed Grunn
 35534 | Crypt:3  | Noticed a bone dragon
 35536 | Crypt:3  | Noticed a bone dragon
 35537 | Crypt:3  | Killed Grunn
 35543 | Crypt:3  | Killed a bone dragon
 35544 | Crypt:3  | Reached XP level 22. HP: 147/148 MP: 31/32
 35698 | Crypt:3  | Found a basalt altar of Yredelemnul.
 35698 | Crypt:3  | Noticed a royal mummy
 35703 | Crypt:3  | Noticed a dread lich
 35709 | Crypt:3  | Killed a dread lich
 35711 | Crypt:3  | Killed a royal mummy
 35722 | Crypt:3  | Found an ancient bone altar of Kikubaaqudgha.
 35755 | Crypt:3  | Identified the +1 scimitar "Neunaqeschu" {holy, rC+}
 35772 | Crypt:3  | Found the +10 morningstar "Eos" {elec, Halo rElec}
 36306 | Vaults:3 | Identified the +9 great sword "Mofuga Ugua" {drain, rElec}
 36461 | Vaults:3 | Noticed Boris
 36468 | Vaults:3 | Killed Boris
 36473 | Vaults:3 | Found Gaqaih's Antique Weapon Shop.
 36567 | Vaults:3 | Found a runed translucent gate.
 36567 | Vaults:3 | Found a runed translucent gate.
 36567 | Vaults:3 | Found a runed translucent gate.
 36568 | Vaults:3 | Noticed HilariousDeathArtist's ghost (adept CeWn)
 36997 | Vaults:3 | Found Hiem's Book Emporium.
 37109 | Vaults:3 | Found a huge runed gate.
 37109 | Vaults:3 | Found a huge runed gate.
 37109 | Vaults:3 | Found a huge runed gate.
 37109 | Vaults:3 | Found a huge runed gate.
 37109 | Vaults:3 | Found a huge runed gate.
 37109 | Vaults:3 | Found a huge runed gate.
 37109 | Vaults:3 | Found a huge runed gate.
 37110 | Vaults:3 | Found a huge runed gate.
 37110 | Vaults:3 | Found a huge runed gate.
 37110 | Vaults:3 | Found a huge runed gate.
 37115 | Vaults:3 | Found a huge runed gate.
 37115 | Vaults:3 | Found a huge runed gate.
 37115 | Vaults:3 | Found a huge runed gate.
 37115 | Vaults:3 | Found a huge runed gate.
 37115 | Vaults:3 | Found a huge runed gate.
 37115 | Vaults:3 | Found a huge runed gate.
 37116 | Vaults:3 | Found a huge runed gate.
 37117 | Vaults:3 | Found a huge runed gate.
 37118 | Vaults:3 | Found a huge runed gate.
 37126 | Vaults:3 | Found a huge runed gate.
 37126 | Vaults:3 | Found a huge runed gate.
 37126 | Vaults:3 | Found a huge runed gate.
 37126 | Vaults:3 | Found a huge runed gate.
 37126 | Vaults:3 | Found a huge runed gate.
 37126 | Vaults:3 | Found a huge runed gate.
 37127 | Vaults:3 | Found a huge runed gate.
 37128 | Vaults:3 | Found a huge runed gate.
 37129 | Vaults:3 | Found a huge runed gate.
 37137 | Vaults:3 | Found a huge runed gate.
 37137 | Vaults:3 | Found a huge runed gate.
 37137 | Vaults:3 | Found a huge runed gate.
 37137 | Vaults:3 | Found a huge runed gate.
 37137 | Vaults:3 | Found a huge runed gate.
 37137 | Vaults:3 | Found a huge runed gate.
 37138 | Vaults:3 | Found a huge runed gate.
 37139 | Vaults:3 | Found a huge runed gate.
 37263 | Abyss:2  | Cast into level 2 of the Abyss (hell knight)
 37370 | Abyss:3  | Gained mutation: Your magical capacity is low. (-10% MP) [a
                  | neqoxec]
 37551 | Abyss:3  | Found a corrupted altar of Lugonu.
 37864 | Abyss:3  | Found a corrupted altar of Lugonu.
 37971 | Abyss:3  | Reached XP level 23. HP: 153/153 MP: 30/30
 38040 | Abyss:3  | Gained mutation: You have hidden genetic defects. [a
                  | neqoxec]
 38215 | Abyss:3  | Paralysed by accursed screaming for 1 turns
 38537 | Abyss:4  | Found a corrupted altar of Lugonu.
 38555 | Abyss:4  | Gained mutation: You are clumsy. (Dex -2) [hidden defects]
 38636 | Abyss:4  | Lost mutation: You possess an exceptional clarity of mind.
                  | [a shining eye]
 38683 | Abyss:4  | Found a runed translucent door.
 38828 | Abyss:4  | Gained mutation: You are dopey. (Int -2) [hidden defects]
 38828 | Abyss:4  | Lost mutation: You have hidden genetic defects. [hidden
                  | defects expressed]
 38838 | Abyss:4  | Found a corrupted altar of Lugonu.
 38845 | Abyss:4  | Reached skill level 27 in Unarmed Combat
 38877 | Abyss:4  | Found a corrupted altar of Lugonu.
 38908 | Abyss:4  | Gained mutation: Your body sometimes deteriorates upon
                  | taking damage. [a neqoxec]
 39057 | Abyss:4  | Noticed a dread lich
 39061 | Abyss:4  | Killed a dread lich
 39068 | Abyss:4  | Found a corrupted altar of Lugonu.
 39236 | Abyss:4  | Reached XP level 24. HP: 149/150 MP: 30/30
 39262 | Abyss:4  | Gained mutation: You occasionally lose the ability to read
                  | scrolls when taking damage. [a neqoxec]
 39283 | Abyss:4  | Got an abyssal rune of Zot
 39328 | Vaults:3 | Escaped the Abyss
 39338 | Vaults:3 | Reached skill level 15 in Fighting
 39576 | Vaults:3 | Lost mutation: You are partially covered in iridescent
                  | scales. (AC +2) [potion of mutation]
 39576 | Vaults:3 | Lost mutation: You passively map a small area around you.
                  | [potion of mutation]
 39576 | Vaults:3 | Lost mutation: Your body sometimes deteriorates upon taking
                  | damage. [potion of mutation]
 39576 | Vaults:3 | Gained mutation: Your magical capacity is very low. (-20%
                  | MP) [potion of mutation]
 39576 | Vaults:3 | Gained mutation: You do not regenerate when monsters are
                  | visible. [potion of mutation]
 39576 | Vaults:3 | Gained mutation: Your system is resistant to poisons.
                  | (rPois) [potion of mutation]
 39577 | Vaults:3 | Lost mutation: You do not regenerate when monsters are
                  | visible. [potion of mutation]
 39577 | Vaults:3 | Lost mutation: You expend magic power (3 MP) to strengthen
                  | your wands. [potion of mutation]
 39577 | Vaults:3 | Lost mutation: You are dopey. (Int -2) [potion of mutation]
 39577 | Vaults:3 | Gained mutation: You occasionally lose the ability to drink
                  | potions when taking damage. [potion of mutation]
 39577 | Vaults:3 | Gained mutation: You are weak. (Str -2) [potion of
                  | mutation]
 39577 | Vaults:3 | Gained mutation: You passively map a small area around you.
                  | [potion of mutation]
 39578 | Vaults:3 | Lost mutation: You occasionally lose the ability to read
                  | scrolls when taking damage. [potion of mutation]
 39578 | Vaults:3 | Lost mutation: Your magical capacity is very low. (-20% MP)
                  | [potion of mutation]
 39578 | Vaults:3 | Lost mutation: You are clumsy. (Dex -2) [potion of
                  | mutation]
 39578 | Vaults:3 | Gained mutation: You are strong-willed. (Will+) [potion of
                  | mutation]
 39578 | Vaults:3 | Gained mutation: You are partially covered in iridescent
                  | scales. (AC +2) [potion of mutation]
 39579 | Vaults:3 | Lost mutation: You occasionally lose the ability to drink
                  | potions when taking damage. [potion of mutation]
 39579 | Vaults:3 | Lost mutation: You are strong-willed. (Will+) [potion of
                  | mutation]
 39579 | Vaults:3 | Lost mutation: You are partially covered in iridescent
                  | scales. (AC +2) [potion of mutation]
 39579 | Vaults:3 | Gained mutation: You are clumsy. (Dex -2) [potion of
                  | mutation]
 39579 | Vaults:3 | Lost mutation: You are clumsy. (Dex -2) [potion of
                  | mutation]
 39899 | Elf:3    | Bought a manual of Fighting for 1120 gold pieces
 40271 | Vaults:4 | Noticed Frederick
 40288 | Vaults:4 | Killed Frederick
 40368 | Vaults:4 | Identified the +2 morningstar of the Arena {vorpal, Str+2
                  | Int+4}
 40589 | Vaults:4 | Found a huge runed gate.
 40589 | Vaults:4 | Found a huge runed gate.
 40589 | Vaults:4 | Found a huge runed gate.
 40589 | Vaults:4 | Found a huge runed gate.
 40590 | Vaults:4 | Found a huge runed gate.
 40590 | Vaults:4 | Found a huge runed gate.
 40590 | Vaults:4 | Found a huge runed gate.
 40590 | Vaults:4 | Found a huge runed gate.
 40591 | Vaults:4 | Found a huge runed gate.
 40591 | Vaults:4 | Found a huge runed gate.
 40591 | Vaults:4 | Found a huge runed gate.
 40591 | Vaults:4 | Found a huge runed gate.
 40591 | Vaults:4 | Found a huge runed gate.
 40592 | Vaults:4 | Found a huge runed gate.
 40593 | Vaults:4 | Found a huge runed gate.
 40594 | Vaults:4 | Found a huge runed gate.
 40595 | Vaults:4 | Found a huge runed gate.
 40607 | Vaults:4 | Found a huge runed gate.
 40607 | Vaults:4 | Found a huge runed gate.
 40607 | Vaults:4 | Found a huge runed gate.
 40607 | Vaults:4 | Found a huge runed gate.
 40607 | Vaults:4 | Found a huge runed gate.
 40607 | Vaults:4 | Found a huge runed gate.
 40608 | Vaults:4 | Found a huge runed gate.
 40609 | Vaults:4 | Found a huge runed gate.
 40610 | Vaults:4 | Found a huge runed gate.
 40618 | Vaults:4 | Found a huge runed gate.
 40618 | Vaults:4 | Found a huge runed gate.
 40618 | Vaults:4 | Found a huge runed gate.
 40618 | Vaults:4 | Found a huge runed gate.
 40618 | Vaults:4 | Found a huge runed gate.
 40671 | Vaults:4 | Found a gateway to a bazaar.
 40849 | Vaults:4 | Found a huge runed gate.
 40850 | Vaults:4 | Found a huge runed gate.
 40851 | Vaults:4 | Found a huge runed gate.
 40852 | Vaults:4 | Found a huge runed gate.
 40860 | Vaults:4 | Found a huge runed gate.
 40982 | Vaults:4 | Noticed Mara
 40992 | Vaults:4 | Killed Mara
 41647 | Shoals:1 | Entered Level 1 of the Shoals
 42569 | Shoals:2 | Noticed Ettath's ghost (journeyman HOFi)
 42642 | Shoals:2 | Found a runed translucent gate.
 42643 | Shoals:2 | Found a runed translucent gate.
 42644 | Shoals:2 | Found a runed translucent gate.
 43144 | Shoals:2 | Killed Ettath's ghost
 43207 | Shoals:3 | Reached skill level 1 in Evocations
 43345 | Shoals:3 | Found Vosevviy's Specific Store.
 43349 | Shoals:3 | Found Xiafut's General Store.
 43883 | Shoals:4 | Entered Level 4 of the Shoals
 44097 | Shoals:4 | Reached XP level 25. HP: 190/190 MP: 30/30
 44117 | Shoals:4 | Reached skill level 5 in Evocations
 44137 | Shoals:4 | Got a barnacled rune of Zot
 44795 | Shoals:4 | Got the Secrets of the Kraken
 45155 | Vaults:5 | Entered Level 5 of the Vaults
 45261 | Vaults:5 | Identified the +6 war axe "Noxkizxe" {elec, rC++ Int-2}
 45276 | Vaults:5 | Identified the +0 buckler of Leaves {rN++ Will+}
 45281 | Vaults:5 | Identified the +11 arbalest "Huloben" {vorpal, rC- rN+
                  | Dex+2}
 45315 | Vaults:5 | Found Toehunla's Assorted Antiques.
 45380 | Vaults:5 | Identified the ring of Hoehog {rElec Str+3 Int+6}
 45392 | Vaults:5 | Identified the +4 scale mail of Kiopteorph {rN+ Str-5 Int+4
                  | Slay+3}
 45981 | Vaults:5 | Identified the ring "Roos" {rF+ Stlth+}
 45981 | Vaults:5 | Noticed Boris
 45995 | Vaults:5 | Killed Boris
 46032 | Vaults:5 | Identified the +2 plate armour of Wischuh {rF+ Dex+4}
 46058 | Vaults:5 | Noticed an ancient lich
 46065 | Vaults:5 | Killed an ancient lich
 46116 | Vaults:5 | Identified the +4 plate armour of Ezxivel {Dex+7 Stlth+}
 46145 | Vaults:5 | Got a silver rune of Zot
 46704 | Bazaar   | Entered a bazaar
 46704 | Bazaar   | Found Iciont's Book Boutique.
 46711 | Bazaar   | Found Topy's Book Boutique.
 46722 | Bazaar   | Found Feivvun's Weapon Shop.
 46756 | Bazaar   | Found Olaryoni's Book Shop.
 47116 | Slime:1  | Entered Level 1 of the Pits of Slime
 47152 | Slime:1  | Gained mutation: You occasionally shout uncontrollably at
                  | your foes. [a shining eye]
 47152 | Slime:1  | Gained mutation: You occasionally lose the ability to read
                  | scrolls when taking damage. [a shining eye]
 47154 | Slime:1  | Reached XP level 26. HP: 198/198 MP: 30/30
 47250 | Slime:5  | Entered Level 5 of the Pits of Slime
 47270 | Slime:5  | Noticed the Royal Jelly
 47273 | Slime:5  | Found a viscous altar of Jiyva.
 47313 | Slime:5  | Killed the Royal Jelly
 47357 | Slime:5  | Got the Spellbook of Conduction
 47362 | Slime:5  | Identified the +7 hand axe of the Slime-mould {holy, Fly
                  | Stlth+}
 47377 | Slime:5  | Got the Handbook of Imprecation and the Escort
 47382 | Slime:5  | Identified the +0 leather armour of Absence {Str+3}
 47409 | Slime:5  | Got a slimy rune of Zot
 47439 | Slime:5  | Got the Spellbook of the Traveller and Ensorcelling
 47520 | Lair:4   | Lost mutation: You occasionally shout uncontrollably at
                  | your foes. [potion of mutation]
 47520 | Lair:4   | Lost mutation: You are weak. (Str -2) [potion of mutation]
 47520 | Lair:4   | Gained mutation: You are agile. (Dex +4, Str/Int -1)
                  | [potion of mutation]
 47520 | Lair:4   | Gained mutation: You are weak. (Str -2) [potion of
                  | mutation]
 47520 | Lair:4   | Gained mutation: You are covered in fur. (AC +1) [potion of
                  | mutation]
 47521 | Lair:4   | Lost mutation: You are agile. (Dex +4, Str/Int -1) [potion
                  | of mutation]
 47521 | Lair:4   | Lost mutation: You passively map a small area around you.
                  | [potion of mutation]
 47521 | Lair:4   | Lost mutation: You are weak. (Str -2) [potion of mutation]
 47521 | Lair:4   | Lost mutation: You occasionally lose the ability to read
                  | scrolls when taking damage. [potion of mutation]
 47521 | Lair:4   | Gained mutation: You expend magic power (3 MP) to
                  | strengthen your wands. [potion of mutation]
 47521 | Lair:4   | Gained mutation: Your muscles are strong. (Str +4, Int/Dex
                  | -1) [potion of mutation]
 47521 | Lair:4   | Gained mutation: Your flesh is cold resistant. (rC+)
                  | [potion of mutation]
 47763 | Depths:1 | Entered Level 1 of the Depths
 47924 | Depths:1 | Found a shimmering altar of Xom.
 48007 | Depths:1 | Identified a scroll of acquirement
 48074 | Depths:1 | Found a one-way gate leading to the halls of Pandemonium.
 48184 | Depths:1 | Reached skill level 10 in Stealth
 48648 | Depths:1 | Found a gateway to Hell.
 48809 | Depths:2 | Noticed Boris
 48819 | Depths:2 | Killed Boris
 48825 | Depths:2 | Reached skill level 10 in Evocations
 48917 | Depths:2 | Found an iron altar of Okawaru.
 49612 | Depths:3 | Found a one-way gate to the infinite horrors of the Abyss.
 49718 | Depths:3 | Reached XP level 27. HP: 207/207 MP: 30/30
 49869 | Depths:3 | Identified the ring "Veuj" {Ice Will+ Int+4}
 49869 | Depths:3 | Noticed Josephina
 49877 | Depths:3 | Killed Josephina
 50041 | Depths:4 | Entered Level 4 of the Depths
 50062 | Depths:4 | Found a hazy altar of Hepliaklqana.
 50140 | Depths:4 | Identified the +0 plate armour of the Beekeeper {-Cast Harm
                  | rF++}
 50227 | Depths:4 | Reached skill level 15 in Evocations
 50249 | Depths:4 | Found a one-way gateway to a ziggurat.
 50815 | Depths:4 | Found a gate to the Realm of Zot.
 50992 | Zot:1    | Entered Level 1 of the Realm of Zot
 51086 | Zot:1    | Noticed an orb of fire
 51089 | Zot:1    | Gained mutation: You are strong-willed. (Will+) [an orb of
                  | fire]
 51091 | Zot:1    | Gained mutation: You occasionally lose the ability to read
                  | scrolls when taking damage. [an orb of fire]
 51092 | Zot:1    | Killed an orb of fire
 51156 | Zot:1    | Found a basalt altar of Yredelemnul.
 51198 | Zot:1    | You are sucked into a shaft and drop 1 floor!
 51259 | Zot:2    | Found the +4 dragonskin cloak
 51259 | Zot:2    | Noticed Tiamat
 51273 | Zot:2    | Killed Tiamat
 51301 | Zot:2    | Identified the +1 trident of Satyriasis {drain, Str+4}
 51334 | Zot:2    | Identified the +2 chain mail "Zida" {Rampage rPois Int-3
                  | Stlth+}
 51797 | Zot:2    | Reached skill level 15 in Earth Magic
 53345 | Zot:3    | Learned a level 9 spell: Shatter
 53481 | Zot:4    | Noticed an orb of fire
 53486 | Zot:4    | Killed an orb of fire
 53711 | Zot:5    | Entered Level 5 of the Realm of Zot
 53933 | Zot:4    | Noticed a dread lich
 53935 | Zot:4    | Noticed a dread lich
 53941 | Zot:4    | Killed a dread lich
 53945 | Zot:4    | Killed a dread lich
 53945 | Zot:4    | Noticed a dread lich
 53951 | Zot:4    | Killed a dread lich
 54054 | Zot:4    | Reached skill level 10 in Spellcasting
 54724 | Zot:5    | Noticed an orb of fire
 54726 | Zot:5    | Noticed a dread lich
 54738 | Zot:5    | Noticed an orb of fire
 54739 | Zot:5    | Noticed an orb of fire
 54782 | Zot:5    | Noticed a dread lich
 54787 | Zot:5    | Killed a dread lich
 54841 | Zot:5    | Gained mutation: You are dopey. (Int -2) [an orb of fire]
 54843 | Zot:5    | Killed an orb of fire
 54913 | Zot:5    | Noticed an ancient lich
 54913 | Zot:5    | Noticed a dread lich
 54915 | Zot:5    | Killed an ancient lich
 54919 | Zot:5    | Killed a dread lich
 54923 | Zot:5    | Killed a dread lich
 54960 | Zot:5    | Noticed a dread lich
 54961 | Zot:5    | Gained mutation: Your magical capacity is very low. (-20%
                  | MP) [an orb of fire]
 54963 | Zot:5    | Killed an orb of fire
 54969 | Zot:5    | Killed a dread lich
 55029 | Zot:5    | Killed an orb of fire
 55052 | Zot:5    | Learned a level 1 spell: Apportation
 55309 | Depths:4 | Acquired the +0 tower shield "Meqischu" {Will- Regen+
                  | Int+2}
 55328 | Zig:1    | Entered Level 1 of a ziggurat
 55338 | Zig:1    | Identified the +4 flail "Veogets" {elec, Str+4 Int-3}
 55344 | Zig:2    | Entered Level 2 of a ziggurat
 55361 | Zig:3    | Entered Level 3 of a ziggurat
 55381 | Zig:4    | Entered Level 4 of a ziggurat
 55383 | Zig:4    | Found the ring of the Mage {Wiz Archmagi}
 55462 | Zig:5    | Entered Level 5 of a ziggurat
 55481 | Zig:5    | Identified the +1 pair of boots "Ynuaf" {rElec rC+ Int+2}
 55482 | Zig:5    | Identified the ring of Suspected Treachery {EV+4 Dex+4}
 55549 | Zig:6    | Entered Level 6 of a ziggurat
 55574 | Zig:6    | Got the Dissertation on Sepulchral Conflagration
 55577 | Zig:7    | Entered Level 7 of a ziggurat
 55579 | Zig:7    | Noticed Lilay the pandemonium lord
 55591 | Zig:7    | Killed Lilay the pandemonium lord
 55709 | Zig:7    | Lost mutation: Your magical capacity is very low. (-20% MP)
                  | [potion of mutation]
 55709 | Zig:7    | Lost mutation: You occasionally lose the ability to read
                  | scrolls when taking damage. [potion of mutation]
 55709 | Zig:7    | Lost mutation: You are strong-willed. (Will+) [potion of
                  | mutation]
 55709 | Zig:7    | Lost mutation: You are covered in fur. (AC +1) [potion of
                  | mutation]
 55709 | Zig:7    | Gained mutation: Your spells are a little harder to cast,
                  | but a little more powerful. [potion of mutation]
 55709 | Zig:7    | Lost mutation: Your system is resistant to poisons. (rPois)
                  | [potion of mutation]
 55724 | Zig:8    | Entered Level 8 of a ziggurat
 55784 | Zig:9    | Entered Level 9 of a ziggurat
 55790 | Zig:9    | Noticed a dread lich
 55790 | Zig:9    | Noticed a dread lich
 55799 | Zig:9    | Killed a dread lich
 55803 | Zig:9    | Killed a dread lich
 55821 | Zig:9    | Identified the +5 lajatang "Cagguemy" {freeze, rElec rN+
                  | SInv}
 55823 | Zig:9    | Got the Spellbook of Changing
 55826 | Zig:10   | Entered Level 10 of a ziggurat
 55836 | Zig:10   | Noticed Beptesein the pandemonium lord
 55847 | Zig:10   | Killed Beptesein the pandemonium lord
 55867 | Zig:10   | Got Sif Muna's Discursus on Vile Concussion
 55948 | Zig:11   | Entered Level 11 of a ziggurat
 56012 | Zig:12   | Entered Level 12 of a ziggurat
 56058 | Zig:12   | Identified the +3 lajatang of Chagrin {vorpal, rCorr Int+4}
 56060 | Zig:12   | Identified the +3 leather armour of Sunlight {rPois Str+7
                  | Int-4}
 56138 | Zig:13   | Entered Level 13 of a ziggurat
 56225 | Zig:13   | Identified the ring of Pypli {rElec rPois rF+ rN+ Dex-4}
 56228 | Zig:13   | Identified the +0 pair of gloves of Zin's Indignation
                  | {Str+4 Dex+4 Stlth-}
 56272 | Zig:14   | Entered Level 14 of a ziggurat
 56336 | Zig:14   | Identified the amulet of Focetigh {Reflect Int+2 SH+5}
 56348 | Zig:14   | Identified the ring of Vumuhur {Fly Dex+6 SInv}
 56363 | Zig:15   | Entered Level 15 of a ziggurat
 56407 | Zig:15   | Identified the +6 whip of Bread {drain, Fly Str+4}
 56443 | Zig:16   | Entered Level 16 of a ziggurat
 56450 | Zig:16   | Paralysed by an air elemental for 1 turns
 56525 | Zig:16   | Identified the +11 rapier of Grace {venom, Contam rElec
                  | rF++ rC+}
 56527 | Zig:16   | Identified the +9 quarterstaff of Wirosue {spect, Drain rC+
                  | Int+4}
 56539 | Zig:17   | Entered Level 17 of a ziggurat
 56599 | Zig:17   | Found the amulet of the Air {Inacc Air Fly rElec RMsl}
 56692 | Zig:18   | Entered Level 18 of a ziggurat
 56703 | Zig:18   | Paralysed by an air elemental for 1 turns
 56742 | Zig:18   | Identified the +11 rapier of Crystal {protect, Drain rElec
                  | Str+9 Int+6}
 56744 | Zig:18   | Identified the ring "Poetaell" {Fly rPois rCorr Str+2}
 56753 | Zig:18   | Identified the +0 chain mail "Rompynun" {Drain Slay+5
                  | Stlth+}
 56775 | Zig:19   | Entered Level 19 of a ziggurat
 56782 | Zig:19   | Noticed Oreexun's ghost (legendary DECj)
 56782 | Zig:19   | Noticed AverageBear's ghost (legendary DsFi)
 56793 | Zig:19   | Noticed AverageBear's ghost (legendary DsFi)
 56804 | Zig:19   | Noticed Tang's ghost (legendary DjCj)
 56804 | Zig:19   | Noticed Gadrel's ghost (legendary BaTm)
 56804 | Zig:19   | Noticed WeeknightWizard's ghost (veteran DEFE)
 56808 | Zig:19   | Killed AverageBear's ghost
 56810 | Zig:19   | Noticed Ikusitist's ghost (legendary NaFE)
 56811 | Zig:19   | Noticed mortz's ghost (veteran GrEE)
 56813 | Zig:19   | Killed WeeknightWizard's ghost
 56817 | Zig:19   | Killed Oreexun's ghost
 56817 | Zig:19   | Killed Tang's ghost
 56818 | Zig:19   | Noticed gdog's ghost (veteran GnDe)
 56829 | Zig:19   | Noticed wingedge's ghost (legendary PaTm)
 56834 | Zig:19   | Killed mortz's ghost
 56842 | Zig:19   | Killed wingedge's ghost
 56857 | Zig:19   | Killed Ikusitist's ghost
 56860 | Zig:19   | Killed gdog's ghost
 56875 | Zig:19   | Killed Gadrel's ghost
 56880 | Zig:19   | Killed AverageBear's ghost
 57002 | Zig:19   | Found the +3 Mad Mage's Maulers {Infuse+∞ RegenMP Int-3}
 57012 | Zig:19   | Identified the +10 great mace "Hoyta" {vamp, rCorr Stlth+}
 57022 | Zig:19   | Identified the +5 dagger of Caskiv {spect, Fragile Will+
                  | rCorr Int+2}
 57047 | Zig:20   | Entered Level 20 of a ziggurat
 57059 | Zig:20   | Noticed Atarr the pandemonium lord
 57059 | Zig:20   | Noticed Ipruwimar the pandemonium lord
 57061 | Zig:20   | Noticed Derrac the pandemonium lord
 57064 | Zig:20   | Noticed Buop the pandemonium lord
 57067 | Zig:20   | Noticed Pintul the pandemonium lord
 57068 | Zig:20   | Noticed Vitia the pandemonium lord
 57074 | Zig:20   | Killed Atarr the pandemonium lord
 57074 | Zig:20   | Killed Vitia the pandemonium lord
 57074 | Zig:20   | Noticed Ifyt the pandemonium lord
 57074 | Zig:20   | Noticed Vuicweo the pandemonium lord
 57074 | Zig:20   | Noticed Tismut the pandemonium lord
 57075 | Zig:20   | Noticed Roukh the pandemonium lord
 57075 | Zig:20   | Noticed Haoxeck the pandemonium lord
 57076 | Zig:20   | Killed Buop the pandemonium lord
 57077 | Zig:20   | Reached skill level 27 in Earth Magic
 57082 | Zig:21   | Entered Level 21 of a ziggurat
 57117 | Zig:21   | Noticed Bainyts the pandemonium lord
 57123 | Zig:21   | Noticed Safuink the pandemonium lord
 57123 | Zig:21   | Noticed Yfubluv the pandemonium lord
 57123 | Zig:21   | Noticed Tisawk the pandemonium lord
 57123 | Zig:21   | Noticed Udwisa the pandemonium lord
 57123 | Zig:21   | Noticed Xuxzag the pandemonium lord
 57123 | Zig:21   | Noticed Tidu the pandemonium lord
 57126 | Zig:21   | Noticed Lin Waci the pandemonium lord
 57126 | Zig:21   | Noticed Wonily the pandemonium lord
 57128 | Zig:21   | Identified the +8 war axe "Puext" {vorpal, *Corrode rElec
                  | rN+ Stlth+}
 57130 | Zig:22   | Entered Level 22 of a ziggurat
 57240 | Zig:22   | Found the +13 scythe of Curses {drain, Drain}
 57255 | Zig:22   | Acquired 704 gold pieces
 57259 | Zig:22   | Identified the +2 pair of gloves of Unreason {Harm Rampage
                  | *Slow Str+8}
 57327 | Zig:23   | Entered Level 23 of a ziggurat
 57494 | Zig:23   | Found the +8 trishula "Condemnation" {holy, anguish, *Noise
                  | Fly rN+}
 57509 | Zig:23   | Identified the amulet of Syug Oge {Faith Str+7}
 57513 | Zig:23   | Identified the +4 trident "Quevyt" {spect, Drain rPois rF-
                  | rCorr}
 57514 | Zig:23   | Identified the amulet "Xupeilan" {RegenMP rC- Will+ Dex+6
                  | Stlth+}
 57567 | Zig:23   | Identified the +1 spear "Eczay" {freeze, rN++}
 57574 | Zig:23   | Identified the +3 falchion of Ytadgh {freeze, *Noise +Blink
                  | rCorr Int+7}
 57580 | Zig:23   | Got the Tractate on Summoned Congelation
 57587 | Zig:23   | Identified the amulet of the Country {Spirit rPois rC+
                  | rN+++}
 57609 | Zig:24   | Entered Level 24 of a ziggurat
 57631 | Zig:24   | Noticed a royal mummy
 57649 | Zig:24   | Killed a royal mummy
 57651 | Zig:24   | Noticed a royal mummy
 57651 | Zig:24   | Noticed a royal mummy
 57651 | Zig:24   | Noticed a royal mummy
 57655 | Zig:24   | Killed a royal mummy
 57656 | Zig:24   | Killed a royal mummy
 57656 | Zig:24   | Killed a royal mummy
 57656 | Zig:24   | Noticed a royal mummy
 57661 | Zig:24   | Killed a royal mummy
 57664 | Zig:24   | Noticed a royal mummy
 57668 | Zig:24   | Noticed a royal mummy
 57669 | Zig:24   | Killed a royal mummy
 57674 | Zig:24   | Killed a royal mummy
 57675 | Zig:24   | Reached skill level 27 in Fighting
 57678 | Zig:24   | Noticed a royal mummy
 57880 | D:15     | You paid a toll of 9 potions of haste to enter a treasure
                  | trove
 57881 | Trove    | Entered a treasure trove
 57906 | Trove    | Identified the +0 kite shield "Zaumac" {rElec rF+ Dex+4}
 58039 | D:13     | Bought a potion of invisibility for 112 gold pieces
 58039 | D:13     | Bought a potion of might for 56 gold pieces
 58039 | D:13     | Bought a potion of brilliance for 56 gold pieces
 58039 | D:13     | Bought a potion of cancellation for 112 gold pieces
 58224 | D:4      | Bought a potion of brilliance for 40 gold pieces
 58224 | D:4      | Bought a potion of brilliance for 40 gold pieces
 58224 | D:4      | Bought a potion of magic for 80 gold pieces
 58224 | D:4      | Bought a potion of brilliance for 40 gold pieces
 58224 | D:4      | Bought a potion of cancellation for 80 gold pieces
 58561 | Vaults:5 | Bought a scroll of teleportation for 78 gold pieces
 58561 | Vaults:5 | Bought a potion of might for 104 gold pieces
 58690 | Vaults:3 | Bought a Necronomicon for 840 gold pieces
 58699 | Vaults:3 | Learned a level 8 spell: Necromutation
 58908 | Pan      | Entered Pandemonium
 58927 | Pan      | Reached skill level 1 in Necromancy
 58999 | Pan      | Gained mutation: Your body sometimes deteriorates upon
                  | taking damage. [a cacodemon]
 59036 | Pan      | Noticed Piumianu the pandemonium lord
 59044 | Pan      | Lost mutation: Your muscles are strong. (Str +4, Int/Dex
                  | -1) [a neqoxec]
 59045 | Pan      | Reached skill level 5 in Necromancy
 59045 | Pan      | Killed Piumianu the pandemonium lord
 59108 | Pan      | Noticed Ymoyts the pandemonium lord
 59117 | Pan      | Killed Ymoyts the pandemonium lord
 59184 | Pan      | Entered the realm of Mnoleg.
 59191 | Pan      | Gained mutation: You are very dopey. (Int -4) [a cacodemon]
 59192 | Pan      | Noticed Mennas
 59194 | Pan      | Lost mutation: Your body sometimes deteriorates upon taking
                  | damage. [a cacodemon]
 59198 | Pan      | Killed Mennas
 59306 | Pan      | Lost mutation: You are very dopey. (Int -4) [a shining eye]
 59356 | Pan      | Noticed Mnoleg
 59359 | Pan      | Killed Mnoleg
 59395 | Pan      | Got a glowing rune of Zot
 59478 | Pan      | Paralysed by a floating eye for 2 turns
 59574 | Pan      | Found an exit through the horrors of the Abyss.
 59583 | Pan      | Took an exit into the Abyss.
 59583 | Abyss:4  | Escaped into the Abyss
 59608 | Depths:1 | Escaped the Abyss
 59610 | Pan      | Entered the realm of Gloorx Vloq.
 59610 | Pan      | Entered Pandemonium
 59618 | Pan      | Reached skill level 15 in Spellcasting
 59708 | Pan      | Noticed Gloorx Vloq
 59738 | Pan      | Killed Gloorx Vloq
 59744 | Pan      | Got a dark rune of Zot
 59792 | Pan      | Entered the realm of Lom Lobon.
 59916 | Pan      | Noticed Lom Lobon
 59918 | Pan      | Got a magical rune of Zot
 59998 | Pan      | Found a glowing silver altar of Zin.
 60203 | Pan      | Noticed a seraph
 60203 | Pan      | Found a glowing golden altar of the Shining One.
 60206 | Pan      | Got a demonic rune of Zot
 60231 | Pan      | Found a white marble altar of Elyvilon.
 60314 | Pan      | Identified the ring of Jiluraroe {rN+ Int+3}
 60450 | Pan      | Gained mutation: You occasionally lose the ability to read
                  | scrolls when taking damage. [a cacodemon]
 60490 | Pan      | Lost mutation: You occasionally lose the ability to read
                  | scrolls when taking damage. [potion of mutation]
 60490 | Pan      | Lost mutation: You expend magic power (3 MP) to strengthen
                  | your wands. [potion of mutation]
 60490 | Pan      | Lost mutation: You are dopey. (Int -2) [potion of mutation]
 60490 | Pan      | Gained mutation: You occasionally shout uncontrollably at
                  | your foes. [potion of mutation]
 60490 | Pan      | Gained mutation: Your spells are harder to cast, but more
                  | powerful. [potion of mutation]
 60598 | Pan      | Entered the realm of Cerebov.
 60748 | Pan      | Got a fiery rune of Zot
 61123 | Pan      | Found an exit through the horrors of the Abyss.
 61127 | Pan      | Took an exit into the Abyss.
 61127 | Abyss:4  | Escaped into the Abyss
 61127 | Abyss:4  | Found a corrupted altar of Lugonu.
 61127 | Abyss:4  | Found a corrupted altar of Lugonu.
 61147 | Depths:1 | Escaped the Abyss
 61201 | Hell     | Entered the Vestibule of Hell
 61201 | Hell     | Noticed Geryon
 61210 | Hell     | Reached skill level 10 in Necromancy
 61294 | Hell     | Killed Geryon
 61341 | Hell     | Found a gateway to the Iron City of Dis.
 61458 | Dis:1    | Entered Level 1 of the Iron City of Dis
 61533 | Dis:1    | Found a burning altar of Makhleb.
 61536 | Dis:1    | Noticed a dread lich
 61544 | Dis:1    | Killed a dread lich
 61609 | Dis:1    | Reached skill level 15 in Necromancy
 61609 | Dis:1    | Noticed a dread lich
 61614 | Dis:1    | Killed a dread lich
 61729 | Dis:3    | Noticed a dread lich
 61853 | Dis:3    | Killed a dread lich
 62061 | Dis:5    | You are sucked into a shaft and drop 1 floor!
 62061 | Dis:6    | Noticed a dread lich
 62066 | Dis:6    | Killed a dread lich
 62075 | Dis:7    | Entered Level 7 of the Iron City of Dis
 62239 | Dis:7    | Noticed the Serpent of Hell
 62246 | Dis:7    | Killed the Serpent of Hell
 62300 | Dis:7    | Noticed a juggernaut
 62307 | Dis:7    | Killed a juggernaut
 62354 | Dis:7    | Found the +5 sword of Power {vorpal}
 62354 | Dis:7    | Found the +4 staff of Dispater
 62354 | Dis:7    | Identified the ring "Urghytano" {rPois Int+5 SInv}
 62354 | Dis:7    | Noticed Dispater
 62366 | Dis:7    | Killed Dispater
 62369 | Dis:7    | Got an iron rune of Zot
 62491 | Hell     | Found a gateway to the freezing wastes of Cocytus.
 62508 | Coc:1    | Entered Level 1 of Cocytus
 62578 | Coc:3    | Reached skill level 15 in Transmutations
 62791 | Coc:7    | Entered Level 7 of Cocytus
 62883 | Coc:7    | Identified the ring of Sonaun {*Slow rPois rC+ rCorr Dex+6}
 62995 | Coc:7    | Noticed Antaeus
 63005 | Coc:7    | Killed Antaeus
 63010 | Coc:7    | Got an icy rune of Zot
 63104 | Hell     | Found a gateway to the decaying netherworld of Tartarus.
 63118 | Tar:1    | Entered Level 1 of Tartarus
 63958 | Tar:3    | Reached skill level 15 in Invocations
 64130 | Tar:7    | Entered Level 7 of Tartarus
 64348 | Tar:7    | Noticed Ereshkigal
 64354 | Tar:7    | Got a bone rune of Zot
 64490 | Hell     | Found a gateway to the ashen valley of Gehenna.
 64499 | Geh:1    | Entered Level 1 of Gehenna
 64518 | Geh:1    | Noticed a dread lich
 64521 | Geh:1    | Killed a dread lich
 64695 | Geh:4    | Noticed an ancient lich
 64703 | Geh:4    | Killed an ancient lich
 64770 | Geh:5    | Noticed a dread lich
 64774 | Geh:5    | Killed a dread lich
 64972 | Geh:7    | Entered Level 7 of Gehenna
 65084 | Geh:7    | Identified the +7 morningstar "Georuaph" {freeze, Will+}
 65096 | Geh:7    | Found the +7 sceptre of Asmodeus
 65096 | Geh:7    | Noticed Asmodeus
 65107 | Geh:7    | Killed Asmodeus
 65113 | Geh:7    | Identified the ring "Wikkee Piopp" {rC+ rCorr Int-3 SInv}
 65136 | Geh:7    | Got an obsidian rune of Zot
 65519 | Tomb:1   | Entered Level 1 of the Tomb of the Ancients
 65531 | Tomb:1   | Noticed a royal mummy
 65536 | Tomb:1   | Killed a royal mummy
 65536 | Tomb:1   | Noticed a royal mummy
 65541 | Tomb:1   | Killed a royal mummy
 65541 | Tomb:1   | Noticed a royal mummy
 65542 | Tomb:1   | Noticed a royal mummy
 65545 | Tomb:1   | Killed a royal mummy
 65545 | Tomb:1   | Noticed a royal mummy
 65546 | Tomb:1   | Killed a royal mummy
 65550 | Tomb:1   | Killed a royal mummy
 65630 | Tomb:1   | Noticed a royal mummy
 65634 | Tomb:1   | Killed a royal mummy
 65644 | Tomb:1   | Noticed a royal mummy
 65649 | Tomb:1   | Killed a royal mummy
 66155 | Tomb:1   | Noticed a royal mummy
 66160 | Tomb:1   | Noticed a royal mummy
 66161 | Tomb:1   | Killed a royal mummy
 66166 | Tomb:1   | Killed a royal mummy
 66166 | Tomb:1   | Noticed a royal mummy
 66173 | Tomb:1   | Killed a royal mummy
 66187 | Tomb:1   | Noticed a royal mummy
 66189 | Tomb:1   | Noticed a royal mummy
 66191 | Tomb:1   | Killed a royal mummy
 66194 | Tomb:1   | Killed a royal mummy
 66199 | Tomb:1   | Reached skill level 27 in Invocations
 66250 | Tomb:2   | Noticed a royal mummy
 66252 | Tomb:2   | Noticed a royal mummy
 66253 | Tomb:2   | Noticed a royal mummy
 66258 | Tomb:2   | Killed a royal mummy
 66258 | Tomb:2   | Noticed a royal mummy
 66260 | Tomb:2   | Killed a royal mummy
 66261 | Tomb:2   | Reached skill level 15 in Stealth
 66262 | Tomb:2   | Noticed a royal mummy
 66269 | Tomb:2   | Killed a royal mummy
 66269 | Tomb:2   | Killed a royal mummy
 66285 | Tomb:2   | Killed a royal mummy
 66546 | Tomb:3   | Entered Level 3 of the Tomb of the Ancients
 66546 | Tomb:3   | Noticed Khufu
 66546 | Tomb:3   | Noticed a royal mummy
 66546 | Tomb:3   | Noticed a royal mummy
 66552 | Tomb:3   | Killed a royal mummy
 66555 | Tomb:3   | Killed Khufu
 66556 | Tomb:3   | Killed a royal mummy
 66576 | Tomb:3   | Noticed a royal mummy
 66579 | Tomb:3   | Noticed a royal mummy
 66579 | Tomb:3   | Noticed a royal mummy
 66584 | Tomb:3   | Killed a royal mummy
 66584 | Tomb:3   | Killed a royal mummy
 66584 | Tomb:3   | Noticed a royal mummy
 66586 | Tomb:3   | Killed a royal mummy
 66590 | Tomb:3   | Noticed a royal mummy
 66703 | Tomb:3   | Noticed a royal mummy
 66706 | Tomb:3   | Noticed a royal mummy
 66708 | Tomb:3   | Noticed a royal mummy
 66708 | Tomb:3   | Noticed a royal mummy
 66712 | Tomb:3   | Killed a royal mummy
 66712 | Tomb:3   | Killed a royal mummy
 66714 | Tomb:3   | Got a golden rune of Zot
 66718 | Tomb:3   | Killed a royal mummy
 66718 | Tomb:3   | Killed a royal mummy
 66718 | Tomb:3   | Killed a royal mummy
 66723 | Tomb:3   | Killed a royal mummy
 66757 | Tomb:3   | Identified the ring of Mistrust {Str+4 Dex+6}
 66761 | Tomb:3   | Identified the amulet of the Reasonable God {Reflect Slay+3
                  | SH+5}
 66850 | Tomb:3   | Identified the ring "Ogogap" {rF+ rC+ Will+}
 66851 | Tomb:3   | Identified the ring of Peace {rF- rC++ MP+9 Int+2 Stlth+}
 66976 | Tomb:1   | Gained mutation: Your body sometimes deteriorates upon
                  | taking damage. [mutagenic glow]
 66988 | Tomb:1   | Gained mutation: Your magical capacity is very low. (-20%
                  | MP) [mutagenic glow]
 66989 | Tomb:1   | Noticed a royal mummy
 66993 | Tomb:1   | Killed a royal mummy
 67117 | Tomb:1   | Noticed a royal mummy
 67124 | Tomb:1   | Killed a royal mummy
 67707 | Zig:1    | Entered Level 1 of a ziggurat
 67733 | Zig:2    | Entered Level 2 of a ziggurat
 67738 | Zig:2    | Paralysed by accursed screaming for 1 turns
 67763 | Zig:3    | Entered Level 3 of a ziggurat
 67796 | Zig:4    | Entered Level 4 of a ziggurat
 67832 | Zot:5    | Got the Orb of Zot
 68284 | D:14     | Reached skill level 27 in Stealth
 68554 | D:$      | Escaped with the Orb!

Illustrated notes

Levels and vault maps discovered:
D:1:      psy_arrival_basics, layout_basic, dreamdust_ecumenical_altar_statues
D:2:      layout_basic, st_stairs_9, uniq_sigmund
D:3:      layout_basic, mainiacjoe_overflow_paths,
          nicolae_overflow_crystal_walls
D:4:      layout_loops_ring, serial_shops, shop, minmay_manual_mess
D:5:      layout_loops_corners, minmay_temple_entry_mini_moons, serial_shops,
          kennysheep_little_box
D:6:      layout_cave_pools, nicolae_ossuary_entry_plus
D:7:      layout_cave_pools, fountainhead
D:8:      layout_basic, dk_noncrumbling_3, minmay_fountain_box,
          chequers_hall_statues_y
D:9:      layout_cave_pools, eino_tiny_chamber, laboratory
D:10:     layout_roguey, nemelex_diamond_rough_becter,
          grunt_lair_entry_orc_guard_hut, nicolae_stop_n_shop_2
D:11:     gammafunk_beogh_shrine, layout_long_grid, minmay_orc_entry_guard_dogs,
          nicolae_fountain_basement
D:12:     layout_cave_pods
D:13:     layout_small_grid, david_vaults_2, serial_shops, shop,
          nicolae_shop_bloodbath_and_beyond, shop, cheibrodos_ashenzari_chains
D:14:     layout_loops_ring, patterned_corridor,
          amcnicky_mini_rare_corridor_liquid
D:15:     gammafunk_enter_depths_forms, layout_loops_ring,
          portal_ice_cave_entry_dragon, nicolae_trove_entry_crystal,
          nicolae_qazlal_scattered_showers, uniq_roxanne
Temple:   hellmonk_temple_divided_pantheon
Lair:1:   layout_loops_ring
Lair:2:   layout_gridlike, elwin_shoals_entry_stream, grunt_megastairs_5,
          serial_bayou_shore_a
Lair:3:   layout_regular_city, spider_nest_entry_web_field
Lair:4:   layout_regular_city, minmay_slime_entry_pillars
Lair:5:   hangedman_lair_in_review, layout_gridlike, nicolae_lair_lakeside_cave
Shoals:1: layout_shoals, nicolae_shoals_this_corrosion
Shoals:2: layout_shoals, gammafunk_ghost_split, nicolae_shoals_sun_and_surf
Shoals:3: layout_shoals, nicolae_specific_store
Shoals:4: shoals_end_grunt_ice, layout_shoals, hangedman_shoals_cup_caves
Spider:1: cheibrodos_spider_deadly_dance, uniq_louise
Spider:2: layout_spider_delve, gammafunk_ghost_cemetery
Spider:3: layout_chambers, gammafunk_ghost_berserking_beasts, uniq_kirke,
          uniq_asterion
Spider:4: guppyfry_spider_rune, nicolae_spider_webbed_stairs, uniq_arachne
Slime:1:  layout_caves, special_room [special_room_jelly]
Slime:2:  layout_caves
Slime:3:  cheibrodos_slime_lost_civilization_3, layout_caves,
          cheibrodos_slime_lost_civilization_5
Slime:4:  layout_caves
Slime:5
Orc:1:    layout_caves, basic_altar, nicolae_orc_flooded_monolith
Orc:2:    st_orc_mages, layout_diamond_mine, uniq_saint_roka
Elf:1:    nicolae_elf_arrival_no_cutting_in_line, layout_onion_city,
          serial_shops, shop, hangedman_elf_disciples
Elf:2:    nicolae_elf_blades_splatter_lattice [mumra_blade_entry_bloodbath],
          layout_gridlike, serial_shops, nicolae_shop_advertising_works
          [nicolae_subvault_shop_adworks], roderic_roman_lattice
Elf:3:    minmay_elf_hall_not_hex, layout_loops_corners, basic_altar,
          minmay_misc_feat_rows, minmay_shop_grove, uniq_aizul
Vaults:1: ontoclasm_vaults_eye, v_misc_26, v_misc_16, ontoclasm_vaults_twist,
          nicolae_vaults_shelves_hall, nicolae_vaults_diagonal_hallway_8,
          nicolae_vaults_gold_heap, hangedman_vaults_restitches,
          vaults_room_hangedman_quadrants, v_misc_27, nicolae_vaults_theta,
          nicolae_vaults_three_branches, dpeg_vaults_monster_box,
          layout_vaults_chaotic_city
Vaults:2: vaults_room_octagon, hangedman_vaults_restitches,
          nicolae_vaults_windows_and_doors_thing,
          nicolae_vaults_little_squares_6, serial_ice_b,
          nicolae_vaults_network_square, ontoclasm_vaults_ligature, v_pattern_5,
          st_octagons_1, hangedman_vaults_hat, ontoclasm_vaults_hangar,
          hangedman_vaults_corner_blocks, nicolae_vaults_stairing_the_circle,
          layout_vaults_omnibox, serial_shops, nicolae_shop_stone, uniq_sojobo,
          uniq_margery
Vaults:3: ebering_ghost_rock_garden, vaults_dpeg_cross,
          nicolae_vaults_little_squares_6, minmay_crypt_entry_simple_round,
          hangedman_vaults_stretched_pinwheel, vaults_room_mumra_shop_pool,
          v_misc_14, not_door_vault_due, layout_vaults_omnigrid, serial_shops,
          shop, uniq_boris
Vaults:4: hangedman_vaults_pinch, door_vault, v_alt_pattern_2,
          hangedman_vaults_stagger, v_misc_11, serial_ice_g, v_misc_23,
          vaults_room_large_hall, vaults_dpeg_diagonal, layout_vaults_omnicross,
          serial_shops, statue_bzr, uniq_mara, uniq_frederick
Vaults:5
Crypt:1:  layout_basic, beargit_elvish_explorers
Crypt:2:  layout_misc_corridors, grunt_ministairs_8,
          serial_sigils_hangedman_writhe
Crypt:3:  lightli_unholy_cathedral, layout_chaotic_city,
          nicolae_tomb_entry_rubble_hallway, minivault_25, uniq_grunn
Tomb:1
Tomb:2
Tomb:3:   uniq_khufu
Depths:1: layout_honeycomb, grunt_metal_band, grunt_pan_entry_in_and_out,
          xom_confusion_cloud
Depths:2: hangedman_arrow_trap, layout_twisted_cross, rand_demon_pan_entry_7,
          hell_entry, okawaru_trees_2, minmay_gold_behind_fungi
Depths:3: minmay_diamond_stairs, layout_cave_pools, abyss_entry_glasseish,
          hell_entry, minmay_misc_feat_iff, uniq_josephina
Depths:4: grunt_zot_entry_gee_three, layout_cave_shapes, enter_ziggurat_d,
          hellmouth_1, nicolae_hepliaklqana_hazy_memory
Hell
Dis:1:    kennysheep_iron_temple, layout_gridville
Dis:2:    layout_subdivisions, minmay_strange_pillars,
          nicolae_dis_grated_feature
Dis:3:    layout_overlapping_boxes, nicolae_dis_step_into_the_octagon
Dis:4:    layout_subdivisions, hangedman_dis_chains
Dis:5:    layout_subdivisions
Dis:6:    layout_subdivisions
Dis:7:    dis_st
Geh:1:    layout_gehenna_lava_caves
Geh:2:    layout_gehenna_pools_box, lemuel_flamethrower_3
Geh:3:    layout_gehenna_pools_basic, nicolae_geh_lava_in_the_way
Geh:4:    layout_gehenna_pools_triple, nicolae_geh_gnashing_of_teeth
Geh:5:    nicolae_geh_lava_swirls, layout_gehenna_pools_triple
Geh:6:    layout_gehenna_pools_box
Geh:7:    geh_grunt
Coc:1:    layout_cocytus_delve
Coc:2:    layout_cocytus_water_paths
Coc:3:    layout_ice_bergs
Coc:4:    layout_cocytus_water_paths
Coc:5:    layout_ice_bergs
Coc:6:    layout_ice_bergs
Coc:7:    coc_old
Tar:1:    layout_honeycomb
Tar:2:    layout_catacombs
Tar:3:    layout_honeycomb
Tar:4:    layout_grid_maze
Tar:5:    layout_grid_maze, nicolae_tar_cuneiform_bread
Tar:6:    layout_catacombs
Tar:7:    tar_minmay_river
Zot:1:    nicolae_zot_draconian_monastery, layout_basic
Zot:2:    layout_misc_corridors, lemuel_baited_zot_trap,
          st_grand_hoard_of_tiamat
Zot:3:    layout_basic, grunt_ministairs_12
Zot:4:    hellmonk_paralyzer, layout_gridlike
Zot:5:    layout_basic, lemuel_baited_zot_trap

Skill      XL: |  1  2  3  4  5  6  7  8  9 10 11 12 13 14 15 16 17 18 19 20 21 22 23 24 25 26 27 |
---------------+----------------------------------------------------------------------------------+-----
Transmutations | 3 4 5 7 9 11 13 19 | 19.7
Poison Magic   | 5 |  5.2
Unarmed Combat | 4 7 9 10 12 13 14 15 16 17 18 19 20 23 25 27 | 27.0
Dodging        | 4 10 13 | 13.9
Fighting       | 6 12 14 20 21 27 | 27.0
Ice Magic      | 2 4 |  4.2
Invocations    | 2 5 10 12 27 | 27.0
Spellcasting   | 5 7 18 | 18.7
Earth Magic    | 5 7 9 11 13 27 | 27.0
Shields        | 5 8 12 15 18 | 18.8
Stealth        | 6 11 27 | 27.0
Evocations     | 4 8 13 21 | 21.0
Necromancy     | 19 | 19.0

Action                   |  1- 3 |  4- 6 |  7- 9 | 10-12 | 13-15 | 16-18 | 19-21 | 22-24 | 25-27 || total
-------------------------+-------+-------+-------+-------+-------+-------+-------+-------+-------++-------
Melee: Unarmed           |    53 |    73 |   330 |   352 |   487 |   571 |   622 |   972 |  3041 ||  6501
       Constrict         |    14 |     9 |     9 |    11 |    66 |   125 |   144 |   156 |   481 ||  1015
       Tentacles         |     6 |     3 |     9 |    12 |    96 |   144 |   181 |   244 |   872 ||  1567
       Kick              |    15 |     1 |       |       |       |       |       |       |       ||    16
       Punch             |     2 |     1 |    10 |     5 |    53 |    74 |   123 |   181 |   716 ||  1165
Throw: Stone             |    11 |    12 |    15 |       |       |       |       |       |       ||    38
       Dart              |       |       |     6 |    23 |     1 |       |       |       |       ||    30
 Cast: Beastly Appendage |    19 |     2 |       |       |       |       |       |       |       ||    21
       Spider Form       |       |     8 |    42 |    16 |       |       |       |       |       ||    66
       Ice Form          |       |       |       |    21 |     1 |       |       |       |       ||    22
       Statue Form       |       |       |       |     7 |    63 |    68 |    54 |    69 |   226 ||   487
       Mephitic Cloud    |       |       |       |     1 |     2 |       |       |       |       ||     3
       Freezing Cloud    |       |       |       |     1 |       |       |       |       |       ||     1
       Wereblood         |       |       |       |       |     9 |    11 |    13 |    21 |    92 ||   146
       Shatter           |       |       |       |       |       |       |       |       |   122 ||   122
       Apportation       |       |       |       |       |       |       |       |       |    17 ||    17
       Passage of Golubr |       |       |       |       |       |       |       |       |     2 ||     2
       Necromutation     |       |       |       |       |       |       |       |       |     1 ||     1
Invok: Temporal Distorti |       |       |       |     1 |       |     3 |     5 |    11 |    52 ||    72
       Slouch            |       |       |       |       |     5 |     4 |     5 |     7 |    21 ||    42
       Bend Time         |       |       |       |       |       |     1 |       |       |     3 ||     4
       Step From Time    |       |       |       |       |       |       |     1 |     1 |     4 ||     6
 Abil: End Transformatio |       |     1 |     1 |     3 |     2 |       |       |       |     6 ||    13
Evoke: Wand              |       |       |     2 |     1 |       |    15 |       |     2 |     1 ||    21
       Condenser vane    |       |       |       |       |       |       |       |       |     4 ||     4
       Tin of tremorston |       |       |       |       |       |       |       |       |     4 ||     4
       Phial of floods   |       |       |       |       |       |       |       |       |     1 ||     1
       Figurine of a zig |       |       |       |       |       |       |       |       |     1 ||     1
  Use: Scroll            |     4 |     4 |    11 |     6 |     4 |     1 |     4 |     2 |    57 ||    93
       Potion            |     2 |     1 |     8 |     4 |       |       |       |     5 |    44 ||    64
 Stab: Sleeping          |     1 |     1 |     6 |     5 |    12 |    24 |     5 |    18 |    41 ||   113
       Invisible         |       |       |       |     5 |       |       |       |       |    10 ||    15
       Distracted        |       |       |       |       |       |     4 |       |    12 |    20 ||    36
Armor: Skin              |     9 |     7 |    23 |    57 |   220 |   216 |   145 |   193 |   978 ||  1848
Dodge: Dodged            |    15 |    71 |   235 |   212 |   333 |   617 |   693 |  1253 |  4347 ||  7776
Block: Buckler           |       |       |       |     3 |   193 |   264 |       |       |       ||   460
       Kite shield       |       |       |       |       |       |   126 |   720 |  1138 |   267 ||  2251
       Tower shield      |       |       |       |       |       |       |       |       |  4342 ||  4342
